 Dungeon Crawl Stone Soup version 0.30-a0-782-ge64f9170bb (webtiles) character file.

Game seed: 13189961339862966853

1212281 Dirtsage the Axe Maniac (level 27, -7/218 HPs)
             Began as a Minotaur Fighter on Feb 20, 2023.
             Was the Champion of the Shining One.
             Succumbed to an ushabti's dark miasma
             ... on level 1 of the Tomb of the Ancients on Feb 23, 2023.
             The game lasted 05:29:59 (77645 turns).

Dirtsage the Axe Maniac (Minotaur Fighter)         Turns: 77645, Time: 05:29:59

Health: -7/218     AC: 46    Str: 24    XL:     27
Magic:  29/38      EV: 21    Int: 14    God:    the Shining One [******]
Gold:   14052      SH: 44    Dex: 19    Spells: 30/43 levels left

rFire   + + +      SeeInvis +    a - +9 broad axe of Instinct {speed, rCorr Int-2 Stlth+}
rCold   + + .      Faith    .    c - +1 tower shield {rC+}
rNeg    + + +      Spirit   .    x - +8 orange crystal plate armour {Archmagi, Int+3 Clar}
rPois   .          Reflect  .    (helmet unavailable)
rElec   +          Harm     .    L - +0 cloak "Cateuhyo" {rF+}
rCorr   +          Rampage  ∞    O - +3 pair of gauntlets of War {Slay+5}
Will    +++..      Archmagi +    u - +3 pair of seven-league boots {Rampage+∞} Stlth Clarity +
                                 o - amulet of Lust {Will+ Regen+ Int-2 Dex+4 Stlth+}
HPRegen 1.36/turn                S - ring "Imno" {rElec rF++ Str-3 Dex+3 SInv}
MPRegen 0.26/turn                r - ring "Gemneukh" {rC+ Str+6}

@: lethally poisoned (-7 -> -28), divinely shielded, glowing, studying 2 skills
A: horns 3, retaliatory headbutt, talons 1, iridescent scales 1, clever 1,
deformed body, frail 2, screaming 1, weak 2, subdued magic 1, sturdy frame 1
}: 14/15 runes: decaying, serpentine, slimy, silver, iron, obsidian, icy, bone,
abyssal, demonic, glowing, magical, fiery, dark
a: Renounce Religion, Divine Shield, Cleansing Flame, Summon Divine Warrior


You were on level 1 of the Tomb of the Ancients.
You worshipped the Shining One.
The Shining One was exalted by your worship.
You visited 17 branches of the dungeon, and saw 82 of its levels.
You visited Pandemonium 1 time, and saw 19 of its levels.
You visited the Abyss 3 times.
You also visited: Ossuary, Ice Cave and Wizlab.

You collected 15793 gold pieces.
You spent 1741 gold pieces at shops.

Inventory:

Hand Weapons
 a - the +9 broad axe of Instinct (weapon) {speed, rCorr Int-2 Stlth+}
   (You found it on level 3 of the Elven Halls)

   Int:       It affects your intelligence (-2).
   rCorr:     It protects you from acid and corrosion.
   Stlth:     It makes you more stealthy.
 b - a +9 broad axe of holy wrath
Missiles
 E - 16 curare-tipped darts
 U - 8 silver javelins (quivered)
Armour
 c - a +1 tower shield of cold resistance (worn)
 i - a +1 pair of gloves of hurling
 u - the +3 pair of seven-league boots (worn) {Rampage+∞}
   (You found it on level 7 of Cocytus)

   Rampage+∞: When moving toward enemies, its wearer moves as far as possible.
 x - the +8 orange crystal plate armour (worn) {Archmagi, Int+3 Clar}
   (Okawaru gifted it to you on level 5 of the Lair of Beasts)

   Int:       It affects your intelligence (+3).
   Clar:      It protects you against confusion.
 y - the +9 crystal plate armour "Fokk" {-Cast rF+++ Regen+ MP-9}
   (Okawaru gifted it to you on level 3 of the Snake Pit)

   rF:        It renders you almost immune to fire.
   MP:        It affects your magic capacity (-9).
   -Cast:     It prevents spellcasting.
   Regen:     It increases your rate of health regeneration.
 C - the +4 chain mail of the Kettle-Drum {*Corrode rPois Will+++ Int-4}
   (You found it on level 3 of the Elven Halls)

   Int:       It affects your intelligence (-4).
   rPois:     It protects you from poison.
   *Corrode:  It may corrode you when you take damage.
   Will:      It greatly increases your willpower.
 L - the +0 cloak "Cateuhyo" (worn) {rF+}
   (You found it on level 3 of the Depths)

   rF:        It protects you from fire.
 O - the +3 pair of gauntlets of War (worn) {Slay+5}
   (You acquired it on level 5 of the Pits of Slime)

   Slay:      It affects your accuracy & damage with ranged weapons and melee
   (+5).
Jewellery
 o - the amulet of Lust (around neck) {Will+ Regen+ Int-2 Dex+4 Stlth+}
   (You took it off a demonspawn blood saint in Pandemonium)

   [amulet of regeneration]

   Int:       It affects your intelligence (-2).
   Dex:       It affects your dexterity (+4).
   Regen:     It increases your rate of health regeneration.
   Will:      It increases your willpower.
   Stlth:     It makes you more stealthy.
 p - the ring of Laonon {Fly rElec rF++ Will- rCorr}
   (You found it on level 3 of the Crypt)

   [ring of resist corrosion]

   rF:        It greatly protects you from fire.
   rElec:     It insulates you from electricity.
   Fly:       It grants you flight.
   rCorr:     It protects you from acid and corrosion.
   Will:      It decreases your willpower.
 r - the ring "Gemneukh" (right hand) {rC+ Str+6}
   (You found it on level 11 of the Dungeon)

   [ring of strength]

   Str:       It affects your strength (+6).
   rC:        It protects you from cold.
 N - the ring "Tatinemp" {+Blink rElec Will+ Str-3 Dex+6}
   (You took it off a rakshasa on level 11 of the Dungeon)

   [ring of dexterity]

   Str:       It affects your strength (-3).
   Dex:       It affects your dexterity (+6).
   rElec:     It insulates you from electricity.
   +Blink:    It lets you blink.
   Will:      It increases your willpower.
 S - the ring "Imno" (left hand) {rElec rF++ Str-3 Dex+3 SInv}
   (You found it on level 2 of the Crypt)

   [ring of see invisible]

   Str:       It affects your strength (-3).
   Dex:       It affects your dexterity (+3).
   rF:        It greatly protects you from fire.
   rElec:     It insulates you from electricity.
   SInv:      It lets you see invisible.
 W - a ring of wizardry
 X - the ring of Maarifijel {Wiz Slay+6 Stlth+}
   (You found it in Pandemonium)

   [ring of wizardry]

   It improves your spell success rate.
   Slay:      It affects your accuracy & damage with ranged weapons and melee
   (+6).
   Stlth:     It makes you more stealthy.
Wands
 D - a wand of digging (3)
 I - a wand of acid (6)
Scrolls
 f - 16 scrolls of poison
 g - 7 scrolls of fear
 t - 18 scrolls of teleportation
 w - 11 scrolls of magic mapping
 B - 7 scrolls of blinking
 F - 11 scrolls of enchant armour
 G - 10 scrolls of silence
 J - 14 scrolls of fog
 Q - 8 scrolls of butterflies
 R - 15 scrolls of vulnerability
 Z - 14 scrolls of immolation
Potions
 d - 6 potions of might
 e - 3 potions of invisibility
 h - 6 potions of haste
 j - 4 potions of berserk rage
 k - 7 potions of magic
 l - 9 potions of heal wounds
 m - 6 potions of mutation
 n - 8 potions of resistance
 q - 33 potions of curing
 s - a potion of cancellation
 z - 7 potions of attraction
 A - 14 potions of flight
 H - 9 potions of brilliance
Miscellaneous
 v - a lightning rod (4/4)
 M - a phial of floods
 V - a phantom mirror


   Skills:
 O Level 27 Fighting
 O Level 27 Axes
 + Level 22.7 Throwing
 O Level 27 Armour
 O Level 27 Dodging
 O Level 27 Shields
 - Level 8.6 Spellcasting
 - Level 3.8 Hexes
 - Level 12.8 Translocations
 - Level 8.3 Transmutations
 - Level 6.3 Air Magic
 + Level 25.0 Invocations
 - Level 4.7 Evocations


You had 30 spell levels left.
You knew the following spells:

 Your Spells              Type           Power      Damage    Failure   Level
a - Wereblood             Tmut           34%        N/A       2%          2
b - Passage of Golubria   Tloc           48%        N/A       2%          4
c - Vhi's Electric Charg  Tloc/Air       74%        N/A       2%          3
d - Portal Projectile     Hex/Tloc       66%        N/A       4%          3
g - Apportation           Tloc           96%        N/A       1%          1

Your spell library contained the following spells:

 Spells                   Type           Power      Damage    Failure   Level
 Beastly Appendage        Tmut           68%        N/A       1%          1
 Lesser Beckoning         Tloc           96%        N/A       1%          2
 Gell's Gravitas          Tloc           48%        N/A       1%          3
 Teleport Other           Tloc           48%        N/A       1%          3
 Sting                    Tmut/Pois      80%        1d7       10%         1
 Slow                     Hex            76%        N/A       12%         1
 Kindle Blastsparks       Fire/Tloc/Air  54%        2d14      12%         3
 Swiftness                Air            27%        N/A       12%         3
 Shock                    Conj/Air       68%        1d7       14%         1
 Passwall                 Tmut/Erth      16%        N/A       14%         2
 Poisonous Vapours        Pois/Air       34%        N/A       22%         2
 Static Discharge         Conj/Air       34%        2-4/arc   22%         2
 Spider Form              Tmut/Pois      20%        N/A       30%         3
 Cigotuvi's Dreadful Rot  Necr/Pois/Air  26%        N/A       34%         2
 Confusing Touch          Hex            19%        N/A       34%         3
 Tukima's Dance           Hex            19%        N/A       34%         3
 Ensorcelled Hibernation  Hex/Ice        26%        N/A       36%         2
 Airstrike                Air            13%        2d(2-18)  38%         4
 Dispersal                Tloc           24%        N/A       41%         6
 Blade Hands              Tmut           17%        N/A       45%         5
 Ignite Poison            Fire/Tmut/Pois 15%        N/A       47%         3
 Freeze                   Ice            24%        1d4       50%         1
 Kiss of Death            Conj/Necr      24%        2d7       50%         1
 Magic Dart               Conj           24%        1d4       50%         1
 Sandblast                Erth           12%        2d6       50%         1
 Mephitic Cloud           Conj/Pois/Air  13%        N/A       58%         3
 Inner Flame              Hex/Fire       13%        N/A       61%         3
 Summon Guardian Golem    Hex/Summ       13%        N/A       61%         3
 Call Imp                 Summ           6%         N/A       65%         2
 Scorch                   Fire           12%        2d5       65%         2
 Searing Ray              Conj           12%        2d4       65%         2
 Ice Form                 Ice/Tmut       20%        N/A       71%         4
 Petrify                  Tmut/Erth      20%        N/A       71%         4
 Summon Forest            Summ/Tloc      13%        N/A       75%         5
 Cause Fear               Hex            9%         N/A       77%         4
 Yara's Violent Unravell  Hex/Tmut       13%        3d7       78%         5
 Summon Lightning Spire   Summ/Air       17%        N/A       83%         4
 Call Canine Familiar     Summ           6%         N/A       87%         3
 Frozen Ramparts          Ice            12%        1d2       87%         3
 Hailstorm                Conj/Ice       6%         3d4       87%         3
 Stone Arrow              Conj/Erth      12%        3d7       87%         3
 Vampiric Draining        Necr           6%         2d6       87%         3
 Anguish                  Hex/Necr       6%         N/A       95%         4
 Fulminant Prism          Conj/Hex       6%         3d7       95%         4
 Leda's Liquefaction      Hex/Erth       6%         N/A       95%         4
 Alistair's Intoxication  Tmut/Pois      13%        N/A       96%         5
 Irradiate                Conj/Tmut      10%        3d15      96%         5
 Animate Armour           Summ/Erth      12%        N/A       99%         4
 Dispel Undead            Necr           6%         3d8       99%         4
 Olgreb's Toxic Radiance  Pois           6%         N/A       99%         4
 Sticky Flame             Conj/Fire      6%         2d3       99%         4
 Arcjolt                  Conj/Air       8%         1d18      99%         5
 Lightning Bolt           Conj/Air       8%         1d21      99%         5
 Fireball                 Conj/Fire      3%         3d4       100%        5
 Freezing Cloud           Conj/Ice/Air   6%         6-21      100%        5
 Iskenderun's Battlesphe  Conj           6%         2d6       100%        5
 Lee's Rapid Deconstruct  Erth           3%         3d5*      100%        5
 Metabolic Englaciation   Hex/Ice        6%         N/A       100%        5
 Summon Mana Viper        Hex/Summ       13%        N/A       100%        5
 Conjure Ball Lightning   Conj/Air       8%         3x3d6     100%        6
 Eringya's Noxious Bog    Tmut/Pois      10%        N/A       100%        6
 Statue Form              Tmut/Erth      13%        N/A       100%        6
 Summon Cactus Giant      Summ           3%         N/A       100%        6
 Dragon Form              Tmut           17%        N/A       100%        7
 Enfeeble                 Hex            9%         N/A       100%        7
 Orb of Destruction       Conj           3%         9d5       100%        7
 Spellforged Servitor     Conj/Summ      3%         N/A       100%        7
 Storm Form               Tmut/Air       15%        N/A       100%        7
 Summon Hydra             Summ           3%         N/A       100%        7
 Discord                  Hex            9%         N/A       100%        8
 Ignition                 Fire           3%         3d4       100%        8
 Maxwell's Capacitive Co  Air            13%        ∞         100%        8
 Necromutation            Tmut/Necr      10%        N/A       100%        8
 Chain Lightning          Conj/Air       8%         3d11      100%        9
 Fire Storm               Conj/Fire      3%         8d1       100%        9
 Shatter                  Erth           3%         3d7*      100%        9


Dungeon Overview and Level Annotations

Branches:
Dungeon (15/15)            Temple (1/1) D:7            Lair (5/5) D:11
  Swamp (4/4) Lair:3        Snake (4/4) Lair:3        Slime (5/5) Lair:4
    Orc (2/2) D:11            Elf (3/3) Orc:2        Vaults (5/5) D:13
  Crypt (3/3) Vaults:3       Tomb (2/3) Crypt:3      Depths (4/4) D:15
   Hell (visited)             Dis (7/7) Hell            Geh (7/7) Hell
    Coc (7/7) Hell            Tar (7/7) Hell            Zot (0/5) Depths:4
Ossuary (visited)           IceCv (visited)          WizLab (visited)

Altars:
Ashenzari
Cheibriados
Dithmenos
Elyvilon
Fedhas
Gozag
Hepliaklqana
Kikubaaqudgha
Makhleb
Nemelex Xobeh
Okawaru
Qazlal
Ru
Sif Muna
Trog
Uskayaw
Vehumet
Wu Jian
Xom
Yredelemnul
Zin
The Shining One
Jiyva

Shops:
D:1 :   D:5 !   D:7 !   D:8 *   D:10 ?   D:12 :   Orc:2 =*(**   Vaults:3 *

Portals:
Hell: Depths:1 Depths:2 Depths:3 Depths:4
Abyss: Depths:1 Depths:3 Depths:4
Pandemonium: Depths:2 Depths:3
Ziggurat: Depths:4

Annotations:
D:6 2 transporters, rlgrobin's ghost, amateur DEDe


Innate Abilities, Weirdness & Mutations

You have a pair of large horns on your head.
You reflexively headbutt those who attack you in melee.
You have sharp toenails.
You are partially covered in iridescent scales. (AC +2)
Your mind is acute. (Int +4, Str/Dex -1)
Armour fits poorly on your strangely shaped body.
You are very frail. (-20% HP)
You occasionally shout uncontrollably at your foes.
You are very weak. (Str -4)
Your spells are a little easier to cast, but a little less powerful.
Your movements are slightly less encumbered by armour. (ER -2)


Message History

You destroy the death scarab!
The death scarab's corpse disappears in a puff of smoke!
The golden flame engulfs the shard shrike zombie!!!!
The shard shrike zombie writhes in agony!
The shard shrike zombie is heavily damaged.
The golden flame engulfs the guardian mummy!!
The guardian mummy writhes in agony!
The guardian mummy is almost destroyed.
The golden flame engulfs the mummy priest!!!
The mummy priest writhes in agony!
The mummy priest is heavily damaged.
You are engulfed in dark miasma.
You are poisoned.
* * * LOW HITPOINT WARNING * * *
You feel very sick.
You block the shard shrike zombie's attack. x2
The royal mummy gestures at you while chanting.
Something smites you!
* * * LOW HITPOINT WARNING * * *
The royal mummy casts a spell at you. Something smites you!
* * * LOW HITPOINT WARNING * * *
You take 33 damage, and have 22/218 hp.
You now have 28/38 mp.
You are engulfed in dark miasma.
You are lethally poisoned!
* * * LOW HITPOINT WARNING * * *
x2 You feel extremely sick.
You block the shard shrike zombie's attack. x2
The royal mummy casts a spell. x2
The shard shrike zombie claws you.
* * * LOW HITPOINT WARNING * * *
The ushabti shakes and rattles.
The vile air hits the emperor scorpion!
The vile air hits the death scarab but does no damage.
The vile air hits the guardian mummy.
The vile air hits you.
* * * LOW HITPOINT WARNING * * *
You block the guardian mummy's attack.
The emperor scorpion is engulfed in dark miasma.
A mysterious force pulls you upwards. The hatch slams shut behind you.
You die...

#..........#
#.......#..#..8.^.
#..........#
#8...#A.#^.#......
#..........#
#....#..#..#......
#..........#
#....#..#..#..8...
#..........#
##''##..#..#......
#..........#
#....#..#..#......
#..........#
#....#..#A.#..8...
#..........#
#.)..#.....#.^^...
#..........#
#@M..#.....#......
#..........#
##############....
#..........# ##'''
#..........# #....
#..........# #.8..
#..........# #...)
#..........# #....
#..........# #.8..
#..........# #....


You could see a guardian mummy.

Vanquished Creatures
  Cerebov (Pan)
  Antaeus (Coc:7)
  Asmodeus (Geh:7)
  Dissolution (Slime:2)
  Ereshkigal (Tar:7)
  Gloorx Vloq (Pan)
  the Royal Jelly (Slime:5)
  Lom Lobon (Pan)
  the Serpent of Hell (Coc:7)
  Mnoleg (Pan)
  5 ancient liches
  6 dread liches
  2 juggernauts (Dis:7)
  2 royal mummies (Tomb:1)
  Sojobo (Crypt:1)
  The ghost of Nuh Ema the Eclecticist, a veteran HuVM of Jiyva (Crypt:3)
  Vashnia (Arena)
  Saint Roka (Arena)
  16 shard shrikes
  Bai Suzhen (Arena)
  31 caustic shrikes
  The ghost of Qyg Kex the Earth Mage, an adept OpEE of Vehumet (Crypt:3)
  The ghost of Yzeiphu the Earth Mage, an adept OpEE of Vehumet (Crypt:3)
  11 profane servitors
  A golden dragon (Depths:4)
  the Enchantress (Depths:2)
  33 bone dragons
  The ghost of Vikohomu the Eclecticist, a veteran VSSu of Ashenzari (Crypt:3)
  6 pandemonium lords (Pan)
  12 doom hounds
  15 Tzitzimimeh
  8 hellephants
  15 iron giants
  23 Brimstone Fiends
  17 Ice Fiends
  Rupert (Lair:4)
  33 Hell Sentinels
  Jorgrun (Orc:2)
  12 tainted leviathans
  7 tentacled monstrosities
  7 liches
  The ghost of Aptu the Tortoise, an adept GrFi of Makhleb (Crypt:3)
  11 deep elf master archers
  16 titans
  23 searing wretches
  2 quicksilver dragons
  7 deep elf blademasters
  24 Executioners (Pan)
  11 acid blobs
  4 thorn hunters
  26 ancient champions
  10 sphinxes
  4 tentacled starspawn
  9 tengu reavers
  2 draconian monks
  8 rockslimes
  Donald (Orc:2)
  Roxanne (Swamp:3)
  7 shadow dragons
  4 storm dragons
  4 revenants
  19 azure jellies
  23 narguns
  35 frost giants
  8 iron dragons
  2 draconian knights
  11 quicksilver elementals
  6 demonspawn warmongers (Pan)
  41 fire giants
  11 nagarajas
  10 deep elf sorcerers
  5 ghost moths
  A spectral juggernaut (Tar:1)
  A draconian scorcher (Depths:4)
  Louise (D:14)
  18 vault wardens
  4 shard shrike simulacra
  4 curse skulls
  32 balrugs
  5 deep elf elementalists (Elf:3)
  6 spectral caustic shrikes
  An orc warlord (Vaults:3)
  An angel (Arena)
  23 cacodemons
  23 very ugly things
  10 demonspawn corrupters
  5 ghouls
  11 ironbound preservers
  8 reapers
  18 stone giants
  29 war gargoyles
  2 caustic shrike skeletons
  5 demonspawn blood saints (Pan)
  4 quicksilver oozes (Slime:5)
  4 draconian annihilators
  2 green draconians (Depths:1)
  3 spriggan defenders (Depths:2)
  10 ironbound thunderhulks
  5 demonspawn black suns (Pan)
  4 vampire knights
  Nessos (D:14)
  22 elemental wellsprings
  A juggernaut skeleton (Depths:3)
  6 deep elf demonologists (Elf:3)
  2 yellow draconians
  2 spectral titans (Tar:1)
  A black draconian (Depths:4)
  11 lorocyprocas
  5 purple draconians
  19 wendigos
  15 dire elephants
  4 red draconians
  4 white draconians
  8 eleionomae
  14 putrid mouths
  7 deep elf annihilators
  3 spark wasps (Depths:4)
  3 bunyips
  16 blizzard demons
  10 deep elf death magi
  18 eidola
  9 green deaths (Pan)
  11 ettins
  A spectral quicksilver dragon (Tar:3)
  5 shambling mangroves
  Josephine (D:14)
  4 crystal guardians
  3 entropy weavers
  21 iron golems
  A merfolk javelineer (WizLab)
  8 deep elf high priests
  2 spectral spriggans
  An entropy weaver (shapeshifter) (Elf:3)
  8 great orbs of eyes
  6 mummy priests
  15 yaktaur captains
  6 fire dragons
  19 jiangshi
  4 ogre magi
  3 peacekeepers
  2 quicksilver dragon skeletons
  4 ice dragons
  A spectral golden dragon (Tar:4)
  34 vault guards
  7 rakshasas
  Harold (D:10)
  7 ironbound frosthearts
  2 catoblepae
  21 hydras
  8 spriggan air magi
  5 hell beasts
  10 caustic shrike simulacra
  6 centaur warriors
  4 juggernaut simulacra
  17 salamander tyrants
  2 ghost crabs
  2 satyrs (Abyss:3)
  Erica (D:8)
  A spectral draconian (Tar:2)
  10 anacondas
  2 merfolk aquamancers (WizLab)
  11 two-headed ogres
  3 spriggan skeletons
  6 stokers
  2 death knights (Crypt:2)
  7 boulder beetles
  9 death yaks
  5 tengu warriors
  14 naga warriors
  A fenstrider witch skeleton (Pan)
  A satyr (shapeshifter) (Vaults:5)
  8 alligators
  34 hell hogs
  4 deep troll shamans
  24 death scarabs
  13 vampire magi
  32 dancing weapons
  3 spriggan berserkers
  4 shock serpents
  2 spectral dire elephants
  14 hell knights
  21 soul eaters
  38 sun demons
  8 deep troll earth magi
  A shock serpent (shapeshifter) (Elf:3)
  Urug (Lair:1)
  6 holy swine (Pan)
  4 orc high priests
  24 naga sharpshooters
  6 thrashing horrors (Abyss:3)
  14 crystal echidnas
  19 spriggans
  4 wretched stars (Abyss:3)
  24 deep elf knights
  3 salamander mystics (Snake:4)
  3 titan skeletons (Depths:3)
  25 sixfirhies (Pan)
  30 shadow wraiths
  A spark wasp zombie (Crypt:3)
  8 iron trolls
  7 goliath frogs
  16 skeletal warriors
  Lodul (D:12)
  3 spriggan druids (Swamp:4)
  3 glowing orange brains
  2 spectral anacondas
  6 quicksilver dragon simulacra
  A storm dragon skeleton (Depths:3)
  8 flayed ghosts
  13 swamp dragons
  9 shadow demons
  54 deep trolls
  2 kraken simulacra (Coc:7)
  3 naga ritualists (Snake:4)
  10 bog bodies
  2 fenstrider witch simulacra
  An obsidian statue (Swamp:3)
  2 mana vipers
  19 wizards
  28 deep elf zephyrmancers
  21 phantasmal warriors
  4 harpies
  28 ironbound convokers
  6 orc knights
  19 deep elf archers
  28 deep elf pyromancers
  6 lindwurms
  A wolf spider (D:11)
  2 bunyip skeletons
  12 necromancers
  An anaconda skeleton (Hell)
  43 ugly things
  11 cyclopes
  2 shining eyes
  A shadow dragon skeleton (Pan)
  A spectral fire dragon (Tar:1)
  5 orc sorcerers (Orc:2)
  12 salamanders
  A tengu skeleton (Depths:3)
  3 spectral centaurs
  9 manticores
  2 spectral ettins
  3 will-o-the-wisps
  6 worldbinders
  5 draconians (Abyss:3)
  10 elephants
  48 large abominations
  4 guardian serpents (Snake:4)
  2 iron dragon skeletons
  A water nymph (WizLab)
  10 demonic crawlers (Pan)
  A stone giant skeleton (Hell)
  2 alligator snapping turtle zombies (Crypt:2)
  10 ice statues
  An apocalypse crab (Abyss:3)
  A guardian serpent (shapeshifter) (D:13)
  6 rust devils
  4 titan simulacra
  17 black mambas
  16 vault sentinels
  Joseph (D:7)
  A storm dragon simulacrum (Coc:1)
  2 torpor snails
  10 naga magi
  33 smoke demons
  18 cane toads
  A dire elephant skeleton (Pan)
  20 orange demons (Pan)
  20 hellions
  A centaur skeleton (D:15)
  A minotaur zombie (Hell)
  8 unseen horrors
  30 yaktaurs
  A yaktaur (shapeshifter) (Elf:3)
  2 anaconda simulacra
  A naga skeleton (Pan)
  8 efreet
  2 spectral nagas
  Maggie (D:8)
  2 rime drakes
  18 tormentors
  15 komodo dragons
  14 ice devils
  8 freezing wraiths
  13 guardian mummies
  A bunyip simulacrum (Coc:2)
  2 catoblepas skeletons (Crypt:1)
  5 iron giant simulacra
  A kobold demonologist (D:11)
  3 ancient zymes (Abyss:3)
  2 harpy zombies (Crypt:3)
  4 spectral harpies
  10 trolls
  5 red devils (Pan)
  A merfolk (shapeshifter) (Depths:4)
  A purple draconian skeleton (Crypt:1)
  2 silent spectres (Tar:5)
  A polar bear (Lair:4)
  3 meliai (D:15)
  2 shadow dragon simulacra (Coc:1)
  13 hellwings (Pan)
  11 tyrant leeches
  A wind drake (shapeshifter) (Vaults:5)
  A yaktaur skeleton (Vaults:2)
  2 tarantellas (shapeshifter)
  18 hornets
  6 raiju (Abyss:3)
  A harpy skeleton (Tomb:2)
  2 blink frogs (shapeshifter)
  5 dream sheep (Lair:5)
  30 blink frogs
  3 stone giant simulacra
  27 flying skulls
  4 centaur simulacra
  3 air elementals
  80 slime creatures
  10 shadows
  Sigmund (D:3)
  An ettin skeleton (Pan)
  35 ynoxinuls
  8 dire elephant simulacra
  6 water elementals
  22 wraiths
  A vampire (D:11)
  7 wyverns
  A fire elemental (Elf:1)
  9 basilisks
  A black mamba skeleton (Crypt:1)
  56 yaks
  An ushabti (Tomb:1)
  The ghost of Rye the Poker, an amateur HuMo (D:3)
  A yak (shapeshifter) (Elf:1)
  5 golden eyes (Pan)
  14 chaos spawn
  A two-headed ogre zombie (Crypt:3)
  31 vampire mosquitoes
  3 death yak simulacra (IceCv)
  19 neqoxecs
  Menkaure (D:6)
  6 redbacks
  A glowing shapeshifter zombie (Crypt:1)
  14 harpy simulacra
  35 nagas
  2 hydra simulacra
  13 swamp worms
  3 acid dragons
  3 wargs
  A demonspawn skeleton (Crypt:3)
  4 floating eyes
  A faun skeleton (Crypt:1)
  A meliai simulacrum (D:15)
  4 glowing shapeshifter skeletons
  6 hell hounds
  33 water moccasins
  13 swamp drakes
  Duvessa (D:4)
  33 orc warriors
  A sky beast (D:8)
  2 hornet zombies (D:15)
  An elephant zombie (Crypt:2)
  An ice beast (D:5)
  8 ettin simulacra
  A black bear (Lair:2)
  A black mamba simulacrum (Crypt:2)
  11 centaurs
  17 ogres
  19 boggarts
  A swamp dragon zombie (Tomb:1)
  A torpor snail zombie (Crypt:2)
  A blink frog skeleton (Crypt:2)
  4 kobold brigands
  2 phantoms (D:5)
  A gnoll sergeant (D:9)
  2 scorpions
  A two-headed ogre simulacrum (IceCv)
  13 bullfrogs
  9 earth elementals
  2 necrophages
  A komodo dragon skeleton (Crypt:2)
  4 water moccasin zombies
  A glowing shapeshifter simulacrum (Vaults:2)
  5 wights
  6 small abominations (Abyss:3)
  Dowan (D:4)
  2 elephant simulacra (IceCv)
  A spriggan zombie (Crypt:2)
  A troll zombie (Crypt:1)
  10 killer bees
  5 electric eels
  3 howler monkeys
  5 centaur zombies
  2 bullfrog zombies (Ossuary)
  4 jellies
  25 orc priests
  Crazy Yiuf (D:4)
  7 starcursed masses (Abyss:3)
  3 hounds
  12 iguanas
  23 orc wizards
  A scorpion zombie (Ossuary)
  2 troll simulacra (IceCv)
  8 spriggan simulacra
  A polar bear simulacrum (IceCv)
  A wolf simulacrum (IceCv)
  An ogre zombie (Ossuary)
  An acid dragon skeleton (Crypt:1)
  11 mummies
  Robin (D:4)
  8 gnolls
  8 naga simulacra
  30 adders
  A steam dragon skeleton (Crypt:1)
  2 shadow imps (Tar:7)
  6 white imps
  4 ufetubi
  2 adder zombies (Ossuary)
  A worm (D:4)
  A dart slug (D:2)
  78 orcs
  5 ball pythons
  9 bats
  9 endoplasms
  3 giant cockroaches
  16 goblins
  14 hobgoblins
  4 jackals (D:1)
  25 kobolds
  6 quokkas
  3 frilled lizards
  A frilled lizard zombie (Crypt:3)
  A gnoll zombie (Ossuary)
  A goblin skeleton (Crypt:3)
  8 goblin zombies (Ossuary)
  4 hobgoblin zombies (Ossuary)
  2 orc zombies (Ossuary)
  6 rats
  A river rat skeleton (Crypt:3)
  12 briar patches
  A bush (Lair:4)
  2 butterflies (Lair:4)
  2 creeping infernos
  22 fire vortices
  A plant (Lair:4)
  4 starspawn tentacles
  A tentacle (Coc:7)
3750 creatures vanquished.

Vanquished Creatures (collateral kills)
  A dread lich (Dis:4)
  Dispater (Dis:7)
  An ancient lich (Dis:4)
  3 royal mummies (Tomb:1)
  Geryon (Hell)
  8 bone dragons
  A doom hound (Tar:7)
  2 Brimstone Fiends (Pan)
  3 Tzitzimimeh
  An iron giant (Dis:6)
  A tentacled monstrosity (Pan)
  A pandemonium lord (Pan)
  13 tainted leviathans
  3 Hell Sentinels
  A lich (Crypt:2)
  3 acid blobs (Slime:5)
  3 searing wretches
  2 Executioners (Pan)
  2 ancient champions
  A thorn hunter (Abyss:3)
  An azure jelly (Slime:5)
  A demonspawn warmonger (Pan)
  3 balrugs
  2 spectral caustic shrikes (Depths:3)
  A reaper (Hell)
  3 cacodemons (Pan)
  A stone giant (Depths:3)
  A draconian annihilator (Pan)
  A caustic shrike skeleton (Tomb:1)
  A demonspawn blood saint (Pan)
  4 putrid mouths
  2 demonspawn black suns (Pan)
  7 lorocyprocas (Pan)
  4 starcursed masses (Abyss:3)
  2 iron golems
  4 blizzard demons
  2 mummy priests
  4 green deaths (Pan)
  A spriggan zombie (Hell)
  An entropy weaver (Abyss:3)
  An ice dragon (Depths:3)
  7 death scarabs
  A stoker (Hell)
  A deep troll earth mage (Depths:3)
  A spectral stone giant (Tar:4)
  3 sun demons (Pan)
  5 shadow wraiths
  2 hell knights (Hell)
  2 iron trolls (Depths:3)
  2 shadow demons
  5 sixfirhies (Pan)
  2 deep trolls (Depths:3)
  A phantasmal warrior (Hell)
  7 shining eyes
  A worldbinder (WizLab)
  An apocalypse crab (Abyss:3)
  3 orange demons (Pan)
  A rust devil (Hell)
  A demonic crawler (Pan)
  10 smoke demons (Pan)
  2 ice statues (Coc:1)
  An eye of devastation (Pan)
  2 hellions
  An efreet (Abyss:3)
  A naga skeleton (Pan)
  2 tormentors
  3 guardian mummies
  2 ice devils (Hell)
  A spectral harpy (Tar:4)
  4 hellwings (Pan)
  3 raiju (Abyss:3)
  8 slime creatures
  7 large abominations (Pan)
  4 flying skulls
  A dire elephant simulacrum (Hell)
  A naga simulacrum (Coc:7)
  7 neqoxecs
  A golden eye (Pan)
  A basilisk (Abyss:3)
  4 chaos spawn (Pan)
  2 hell hounds (Hell)
  A hydra simulacrum (Coc:5)
  A floating eye (Pan)
  A black mamba simulacrum (Coc:1)
  A small abomination (Abyss:3)
  3 mummies
  A shadow imp (Tar:7)
  An ufetubus (Abyss:3)
  2 creeping infernos
  7 fire vortices
231 creatures vanquished.

Vanquished Creatures (others)
  A titan (Depths:1)
  An eldritch tentacle (Pan)
  3 shard shrike simulacra
  A demonspawn blood saint (Pan)
  An eleionoma (Swamp:3)
  An elemental wellspring (Coc:1)
  2 juggernaut simulacra
  2 caustic shrike simulacra
  3 deep elf knights
  A deep troll (Vaults:5)
  A quicksilver dragon simulacrum (Coc:4)
  A wizard (Pan)
  3 deep elf pyromancers
  A spriggan simulacrum (Coc:7)
  2 deep elf zephyrmancers
  A will-o-the-wisp (Swamp:3)
  2 orange demons (Pan)
  A hornet (Swamp:3)
  A hellwing (Pan)
  A bloated husk (Swamp:1)
  An iron dragon simulacrum (Coc:1)
  A dire elephant simulacrum (Coc:5)
  2 ynoxinuls (Pan)
  A stone giant simulacrum (Coc:4)
  2 naga simulacra
  3 harpy simulacra
  A swamp worm (Swamp:3)
  An orc wizard (Orc:2)
  A quokka (Depths:1)
  3 ball lightnings (Pan)
  2 briar patches
  13 foxfires
  24 fungi
  A lurking horror (Abyss:3)
  93 plants
  6 starspawn tentacles
  7 tentacles (Coc:7)
192 creatures vanquished.

Grand Total: 4173 creatures vanquished

Notes
Turn   | Place    | Note
-------+----------+-------------------------------------------
     0 | D:1      | Dirtsage the Minotaur Fighter began the quest for the Orb.
     0 | D:1      | Reached XP level 1. HP: 19/19 MP: 0/0
    74 | D:1      | Found Nukofuli's Book Boutique.
   126 | D:1      | Reached XP level 2. HP: 26/26 MP: 1/1
   605 | D:1      | Reached XP level 3. HP: 28/31 MP: 2/2
  1045 | D:2      | Identified the ring "Haleed" {rCorr MP+9 EV+5 Str+2 SInv}
  1264 | D:2      | Reached skill level 5 in Axes
  1336 | D:2      | Reached XP level 4. HP: 39/39 MP: 3/3
  1587 | D:2      | Found a sparkling altar of Nemelex Xobeh.
  1658 | D:2      | Found a faded altar of an unknown god.
  2272 | D:3      | Found a runed translucent gate.
  2272 | D:3      | Found a runed translucent gate.
  2272 | D:3      | Found a runed translucent gate.
  2276 | D:3      | Noticed Rye's ghost (amateur HuMo)
  2279 | D:3      | Identified the +4 dagger "Waig" {freeze, rF++ Will- Str+3}
  2322 | D:3      | Noticed Sigmund
  2345 | D:3      | Killed Sigmund
  2346 | D:3      | Reached XP level 5. HP: 22/45 MP: 4/4
  2646 | D:3      | Reached XP level 6. HP: 47/51 MP: 5/5
  2819 | D:3      | Killed Rye's ghost
  3185 | D:4      | Reached XP level 7. HP: 38/57 MP: 6/6
  3328 | D:4      | Noticed Duvessa
  3328 | D:4      | Noticed Dowan
  3334 | D:4      | Killed Duvessa
  3335 | D:4      | Reached skill level 10 in Axes
  3340 | D:4      | Killed Dowan
  3435 | D:4      | Found a runed translucent door.
  3436 | D:4      | Noticed Crazy Yiuf
  3480 | D:4      | Noticed Robin
  3489 | D:4      | Killed Robin
  3843 | D:4      | Killed Crazy Yiuf
  3934 | D:5      | Entered Level 5 of the Dungeon
  4015 | D:5      | Noticed a wyvern
  4021 | D:5      | Killed a wyvern
  4022 | D:5      | Reached XP level 8. HP: 60/64 MP: 7/7
  4282 | D:5      | Found Aduimiups's Distillery.
  4290 | D:5      | Bought a potion of flight for 39 gold pieces
  4290 | D:5      | Bought a potion of curing for 39 gold pieces
  4290 | D:5      | Bought a potion of heal wounds for 65 gold pieces
  4623 | D:6      | Noticed Menkaure
  4629 | D:6      | Killed Menkaure
  4713 | D:6      | Found a transporter.
  4714 | D:6      | Found a transporter.
  4714 | D:6      | Noticed rlgrobin's ghost (amateur DEDe)
  4716 | D:6      | Noticed a hornet
  4720 | D:6      | Noticed a queen bee
  4743 | D:6      | Found a sand-covered staircase.
  4743 | D:6      | Noticed a two-headed ogre
  4749 | D:6      | Killed a two-headed ogre
  4750 | D:6      | Reached XP level 9. HP: 43/72 MP: 8/8
  4792 | Ossuary  | Entered an ossuary
  4867 | Ossuary  | Reached skill level 5 in Armour
  4872 | Ossuary  | Reached skill level 5 in Fighting
  4872 | Ossuary  | Reached skill level 5 in Shields
  4943 | Ossuary  | Noticed a silent spectre
  5535 | D:7      | Found Reicvosi's Distillery.
  5539 | D:7      | Bought a potion of mutation for 80 gold pieces
  5539 | D:7      | Bought a potion of invisibility for 80 gold pieces
  5575 | D:7      | Found a staircase to the Ecumenical Temple.
  5628 | Temple   | Entered the Ecumenical Temple
  5866 | D:7      | Noticed Joseph
  5879 | D:7      | Killed Joseph
  6104 | D:7      | Found a shimmering altar of Xom.
  6396 | D:8      | Reached XP level 10. HP: 83/83 MP: 9/9
  6444 | D:8      | Noticed Maggie
  6454 | D:8      | Killed Maggie
  6567 | D:8      | Found a faded altar of an unknown god.
  6567 | D:8      | Found a white marble altar of Elyvilon.
  6578 | D:8      | Found a radiant altar of Vehumet.
  6580 | D:8      | Found a glowing golden altar of the Shining One.
  6582 | D:8      | Found a faded altar of an unknown god.
  6869 | D:8      | Noticed Erica
  6877 | D:8      | Killed Erica
  6878 | D:8      | Reached skill level 5 in Dodging
  7022 | D:8      | Found Yboseem's Neck Hole.
  7396 | D:9      | Found a large runed translucent door.
  7397 | D:9      | Found a large runed translucent door.
  7461 | D:9      | Found a bloodstained altar of Trog.
  8097 | D:9      | Found an ornate altar of the Wu Jian Council.
  8100 | D:9      | Found an iron altar of Okawaru.
  8103 | D:9      | Became a worshipper of Warmaster Okawaru
  8136 | D:10     | Entered Level 10 of the Dungeon
  8430 | D:10     | Reached skill level 1 in Invocations
  8504 | D:10     | Noticed Harold
  8511 | D:10     | Killed Harold
  8511 | D:10     | Reached * piety under Okawaru
  8590 | D:10     | Reached XP level 11. HP: 94/94 MP: 11/11
  8596 | D:10     | Found a blossoming altar of Fedhas.
  8649 | D:10     | Found Inataq's Magic Scroll Boutique.
  8654 | D:10     | Bought a scroll of identify for 24 gold pieces
  8654 | D:10     | Bought a scroll of fear for 48 gold pieces
  8654 | D:10     | Bought a scroll of identify for 24 gold pieces
  8680 | D:10     | Noticed a two-headed ogre
  8688 | D:10     | Killed a two-headed ogre
  8915 | D:10     | Reached ** piety under Okawaru
  9176 | D:11     | Noticed a two-headed ogre
  9182 | D:11     | Killed a two-headed ogre
  9183 | D:11     | Reached skill level 15 in Axes
  9250 | D:11     | Noticed a death yak
  9253 | D:11     | Noticed a death yak
  9272 | D:11     | Noticed a death yak
  9282 | D:11     | Killed a death yak
  9287 | D:11     | Killed a death yak
  9287 | D:11     | Reached *** piety under Okawaru
  9294 | D:11     | Killed a death yak
  9315 | D:11     | Found a staircase to the Lair.
  9322 | Lair:1   | Entered Level 1 of the Lair of Beasts
  9346 | Lair:1   | Reached **** piety under Okawaru
  9389 | Lair:1   | Received a gift from Okawaru
  9461 | Lair:1   | Reached XP level 12. HP: 103/104 MP: 14/14
  9470 | Lair:1   | Noticed Urug
  9479 | Lair:1   | Killed Urug
 10066 | Lair:2   | Reached ***** piety under Okawaru
 10126 | Lair:2   | Reached skill level 5 in Invocations
 10129 | Lair:2   | Noticed a catoblepas
 10136 | Lair:2   | Killed a catoblepas
 10136 | Lair:2   | Received a gift from Okawaru
 10294 | Lair:2   | Found a glowing silver altar of Zin.
 10364 | Lair:2   | Received a gift from Okawaru
 10400 | Lair:2   | Noticed a four-headed hydra
 10409 | Lair:2   | Killed a one-headed hydra
 10487 | Lair:2   | Noticed an eight-headed hydra
 10496 | Lair:2   | Killed a three-headed hydra
 10497 | Lair:2   | Reached skill level 10 in Fighting
 10497 | Lair:2   | Reached skill level 10 in Armour
 10497 | Lair:2   | Reached skill level 10 in Shields
 11060 | Lair:3   | Found a staircase to the Snake Pit.
 11345 | Lair:3   | Found a staircase to the Swamp.
 11631 | Lair:3   | Reached XP level 13. HP: 112/114 MP: 16/16
 11883 | Snake:1  | Entered Level 1 of the Snake Pit
 11911 | Lair:4   | Noticed Rupert
 12052 | Lair:4   | Killed Rupert
 12356 | Lair:4   | Found a staircase to the Slime Pits.
 12356 | Lair:4   | Found a viscous altar of Jiyva.
 12650 | Lair:5   | Entered Level 5 of the Lair of Beasts
 12651 | Lair:5   | Saving game... please wait.
 12664 | Lair:5   | Identified the +5 executioner's axe of Disorder {drain,
                  | rElec rF- SInv} (Okawaru gifted it to you on level 5 of the
                  | Lair of Beasts)
 12664 | Lair:5   | Received a gift from Okawaru
 12905 | Lair:5   | Received a gift from Okawaru
 12944 | Lair:5   | Reached skill level 10 in Dodging
 12996 | Lair:5   | Reached ****** piety under Okawaru
 13077 | Lair:5   | Reached XP level 14. HP: 118/124 MP: 19/19
 13224 | Lair:5   | Received a gift from Okawaru
 13224 | Lair:5   | Found the +8 orange crystal plate armour {Archmagi, Int+3
                  | Clar}
 13979 | D:11     | Reached skill level 10 in Invocations
 14013 | D:11     | Found a staircase to the Orcish Mines.
 14140 | D:11     | Identified a scroll of acquirement
 14141 | D:11     | Acquired a manual of Armour
 14269 | D:10     | Bought a scroll of acquirement for 624 gold pieces
 14269 | D:10     | Acquired a manual of Axes
 14390 | Swamp:1  | Entered Level 1 of the Swamp
 14603 | D:11     | Identified the +5 chain mail of Henotheism {rCorr}
 14722 | D:11     | Identified the +2 pair of gloves of Chimes {Int+3} (Okawaru
                  | gifted it to you on level 11 of the Dungeon)
 14722 | D:11     | Received a gift from Okawaru
 14733 | D:11     | Identified the ring "Tatinemp" {+Blink rElec Will+ Str-3
                  | Dex+6}
 14738 | D:11     | Identified the ring "Qyzoryki" {Ice rElec Str+3 Slay-5}
 14809 | D:11     | Paralysed by an ogre mage for 5 turns
 14973 | D:11     | Identified the ring of Cowardice {Fly Int+6}
 14986 | D:11     | Identified the ring "Gemneukh" {rC+ Str+6}
 15432 | D:12     | Noticed Lodul
 15441 | D:12     | Killed Lodul
 15442 | D:12     | Reached XP level 15. HP: 134/134 MP: 22/22
 15566 | D:12     | Found Wopteer's Book Shoppe.
 16072 | Orc:1    | Entered Level 1 of the Orcish Mines
 16140 | Orc:1    | Identified the +13 crystal plate armour of Mezcal {*Slow
                  | Will+ Regen+ Int+4} (Okawaru gifted it to you on level 1 of
                  | the Orcish Mines)
 16140 | Orc:1    | Received a gift from Okawaru
 16324 | Orc:2    | Entered Level 2 of the Orcish Mines
 16333 | Orc:2    | Found a staircase to the Elven Halls.
 16354 | Orc:2    | Found Qarashra's General Store.
 16356 | Orc:2    | Noticed Saint Roka
 16360 | Arena    | Entered the Arena
 16374 | Arena    | Killed Saint Roka
 16470 | Orc:2    | Found a frozen archway.
 16489 | IceCv    | Entered an ice cave
 16707 | IceCv    | Identified the +4 plate armour of the Prince of Darkness
                  | {rPois Str+8}
 16909 | Orc:2    | Noticed Donald
 16913 | Orc:2    | Killed Donald
 16978 | Orc:2    | Noticed Jorgrun
 16990 | Orc:2    | Killed Jorgrun
 17505 | Orc:2    | Found Lever's General Store.
 17520 | Orc:2    | Found Fettus's Assorted Antiques.
 17573 | Orc:2    | Found Vituter's Jewellery Shop.
 17589 | Orc:2    | Bought an embroidered hat for 231 gold pieces
 17602 | Orc:2    | Found Maaczeela's Weapon Emporium.
 18310 | Snake:1  | You fall into a shaft and drop 1 floor!
 18868 | Snake:2  | Reached skill level 15 in Armour
 19166 | Snake:3  | Identified the +9 crystal plate armour "Fokk" {-Cast rF+++
                  | Regen+ MP-9} (Okawaru gifted it to you on level 3 of the
                  | Snake Pit)
 19166 | Snake:3  | Received a gift from Okawaru
 19167 | Snake:3  | Reached XP level 16. HP: 139/145 MP: 24/24
 19436 | Snake:3  | Noticed Vashnia
 19437 | Arena    | Entered the Arena
 19449 | Arena    | Killed Vashnia
 19581 | Snake:3  | Identified the +7 plate armour of the Present {rF+ rC+
                  | Will- Slay+3}
 19857 | Snake:4  | Entered Level 4 of the Snake Pit
 20215 | Snake:4  | Received a gift from Okawaru
 20728 | Snake:4  | Received a gift from Okawaru
 20914 | Snake:4  | Reached XP level 17. HP: 126/154 MP: 26/26
 21013 | Snake:4  | Reached skill level 15 in Fighting
 21052 | Snake:4  | Got a serpentine rune of Zot
 21375 | Swamp:1  | Reached skill level 15 in Shields
 22423 | Swamp:3  | Received a gift from Okawaru
 22423 | Swamp:3  | Found the +7 Kryia's mail coat {PotionHeal*2 rC+}
 22530 | Swamp:3  | Found a transporter.
 22536 | Swamp:3  | Noticed a tentacled monstrosity
 22547 | Swamp:3  | Noticed Bai Suzhen
 22550 | Swamp:3  | Found a transporter.
 22593 | Arena    | Entered the Arena
 22598 | Arena    | Killed Bai Suzhen
 22629 | Swamp:3  | Killed a tentacled monstrosity
 22712 | Swamp:3  | Saving game... please wait.
 22751 | Swamp:3  | Identified Roxanne's Almanac of the Mesa
 22751 | Swamp:3  | Noticed Roxanne
 22768 | Swamp:3  | Killed Roxanne
 22924 | Swamp:4  | Entered Level 4 of the Swamp
 23180 | Swamp:4  | Received a gift from Okawaru
 23190 | Swamp:4  | Reached XP level 18. HP: 113/166 MP: 27/27
 23437 | Swamp:4  | Received a gift from Okawaru
 23483 | Swamp:4  | Got a decaying rune of Zot
 23868 | Elf:1    | Entered Level 1 of the Elven Halls
 23959 | Elf:1    | You fall into a shaft and drop 1 floor!
 24156 | Elf:1    | Paralysed by an air elemental for 1 turns
 24233 | Elf:1    | Paralysed by an air elemental for 1 turns
 24738 | Elf:1    | Reached skill level 15 in Dodging
 25116 | Elf:2    | Received a gift from Okawaru
 25184 | Elf:2    | Identified the ring of Makhleb's Grace {Fire Str-3 Int+3}
 25429 | Elf:2    | Found a runed translucent gate.
 25429 | Elf:2    | Found a runed translucent gate.
 25429 | Elf:2    | Found a runed translucent gate.
 25989 | Arena    | Entered the Arena
 26040 | Elf:2    | Reached XP level 19. HP: 146/177 MP: 28/28
 26258 | Elf:3    | Entered Level 3 of the Elven Halls
 26474 | Abyss:3  | Found a corrupted altar of Lugonu.
 26474 | Abyss:3  | Cast into level 3 of the Abyss (a deep elf sorcerer)
 26539 | Abyss:3  | Found a corrupted altar of Lugonu.
 26545 | Abyss:3  | Found a corrupted altar of Lugonu.
 26579 | Abyss:3  | Received a gift from Okawaru
 26696 | Abyss:3  | Found a transporter.
 26756 | Abyss:3  | Noticed a hellephant
 26792 | Arena    | Entered the Arena
 26835 | Abyss:3  | Found a corrupted altar of Lugonu.
 26903 | Elf:3    | Escaped the Abyss
 27180 | Elf:3    | Got the Discursus on Transmigration
 27539 | Elf:3    | Noticed a Tzitzimitl
 27569 | Elf:3    | Noticed a Tzitzimitl
 27587 | Elf:3    | Identified the +8 quarterstaff of Okawaru {drain, Fragile
                  | Fly rPois rCorr} (Okawaru gifted it to you on level 3 of
                  | the Elven Halls)
 27587 | Elf:3    | Received a gift from Okawaru
 27623 | Elf:3    | Identified the +4 scimitar of the Key {speed, *Rage rF++
                  | rN+ rCorr}
 27794 | Elf:3    | Got the Essays on the Torch and the Congregation
 27880 | Elf:3    | Found the +8 demon blade "Leech" {evervamp, Harm Drain rN+}
 27904 | Elf:3    | Got the Grimoire of the Putrid Fifth Circle
 27921 | Elf:3    | Identified the +9 broad axe of Instinct {speed, rCorr Int-2
                  | Stlth+}
 27927 | Elf:3    | Identified the +0 plate armour of a Thousand Olives {rF++
                  | Str+4 Stlth+}
 27940 | Elf:3    | Identified the +4 chain mail of the Kettle-Drum {*Corrode
                  | rPois Will+++ Int-4}
 28184 | D:12     | Saving game... please wait.
 28275 | D:13     | Identified the +6 dagger of the Past {heavy, rElec}
 28466 | D:13     | Found a gate to the Vaults.
 28536 | D:13     | Received a gift from Okawaru
 29036 | D:14     | Identified the +1 leather armour of the Planets {Contam
                  | +Blink rF+ rN+}
 29142 | D:14     | Noticed Josephine
 29148 | D:14     | Killed Josephine
 29224 | D:14     | Noticed Louise
 29239 | D:14     | Killed Louise
 29279 | D:14     | Found a radiant altar of Vehumet.
 29316 | D:14     | Reached XP level 20. HP: 189/189 MP: 20/29
 29339 | D:14     | Noticed Nessos
 29347 | D:14     | Killed Nessos
 29577 | D:15     | Entered Level 15 of the Dungeon
 29649 | D:15     | Reached skill level 1 in Throwing
 29652 | D:15     | Reached skill level 1 in Evocations
 29890 | D:15     | Identified the +2 robe of the Shrike {*Corrode +Inv rN++
                  | Archmagi}
 30174 | D:15     | Found a staircase to the Depths.
 30334 | Vaults:1 | Entered Level 1 of the Vaults
 30846 | Vaults:1 | Received a gift from Okawaru
 30973 | Vaults:1 | Saving game... please wait.
 31114 | Vaults:1 | Identified the +1 pair of gloves of Resilience {*Slow
                  | Int+4} (Okawaru gifted it to you on level 1 of the Vaults)
 31114 | Vaults:1 | Received a gift from Okawaru
 31630 | Vaults:2 | Reached skill level 5 in Throwing
 31686 | Vaults:2 | Learned a level 2 spell: Wereblood
 31745 | Vaults:2 | Found a huge runed gate.
 31745 | Vaults:2 | Found a huge runed gate.
 31745 | Vaults:2 | Found a huge runed gate.
 31745 | Vaults:2 | Found a huge runed gate.
 31745 | Vaults:2 | Found a huge runed gate.
 31745 | Vaults:2 | Found a huge runed gate.
 31746 | Vaults:2 | Found a huge runed gate.
 31746 | Vaults:2 | Found a huge runed gate.
 31746 | Vaults:2 | Found a huge runed gate.
 31746 | Vaults:2 | Found a huge runed gate.
 31746 | Vaults:2 | Found a huge runed gate.
 31747 | Vaults:2 | Found a huge runed gate.
 31748 | Vaults:2 | Found a huge runed gate.
 31749 | Vaults:2 | Found a huge runed gate.
 31757 | Vaults:2 | Found a huge runed gate.
 31757 | Vaults:2 | Found a huge runed gate.
 31757 | Vaults:2 | Found a huge runed gate.
 31757 | Vaults:2 | Found a huge runed gate.
 31757 | Vaults:2 | Found a huge runed gate.
 31757 | Vaults:2 | Found a huge runed gate.
 31758 | Vaults:2 | Found a huge runed gate.
 31759 | Vaults:2 | Found a huge runed gate.
 31760 | Vaults:2 | Found a huge runed gate.
 31781 | Vaults:2 | Found a huge runed gate.
 31781 | Vaults:2 | Found a huge runed gate.
 31781 | Vaults:2 | Found a huge runed gate.
 31781 | Vaults:2 | Found a huge runed gate.
 31781 | Vaults:2 | Found a huge runed gate.
 31781 | Vaults:2 | Found a huge runed gate.
 31782 | Vaults:2 | Found a huge runed gate.
 31783 | Vaults:2 | Found a huge runed gate.
 31784 | Vaults:2 | Found a huge runed gate.
 31793 | Vaults:2 | Found a huge runed gate.
 31793 | Vaults:2 | Found a huge runed gate.
 31793 | Vaults:2 | Found a huge runed gate.
 31793 | Vaults:2 | Found a huge runed gate.
 31919 | Vaults:2 | Reached skill level 1 in Transmutations
 31953 | Vaults:2 | Reached skill level 1 in Spellcasting
 32309 | Vaults:2 | Identified the +0 robe "Ucemei" {Rampage *Slow Slay+5}
 32571 | Vaults:2 | Identified the +6 spear "Relest" {elec, Str+2 Dex+2}
 32580 | Vaults:2 | Identified the +0 kite shield of Atieheq {Harm Str+3}
                  | (Okawaru gifted it to you on level 2 of the Vaults)
 32580 | Vaults:2 | Received a gift from Okawaru
 32606 | Vaults:2 | Reached XP level 21. HP: 165/196 MP: 14/30
 32766 | Vaults:3 | Reached skill level 5 in Transmutations
 32829 | Vaults:3 | Noticed a dread lich
 32891 | Vaults:3 | Paralysed by a dread lich for 3 turns
 32899 | Vaults:3 | Killed a dread lich
 33016 | Vaults:3 | Found a staircase to the Crypt.
 33066 | Vaults:3 | Found Tylatt's Assorted Antiques.
 33076 | Vaults:3 | Bought a pair of glowing gloves for 292 gold pieces
 33076 | Vaults:3 | Bought a copper ring for 195 gold pieces
 33644 | Vaults:3 | Received a gift from Okawaru
 34414 | Vaults:4 | Received a gift from Okawaru
 35117 | Vaults:5 | Entered Level 5 of the Vaults
 35127 | Vaults:5 | Received a gift from Okawaru
 35153 | Vaults:5 | Received a gift from Okawaru
 35163 | Vaults:5 | Reached XP level 22. HP: 189/206 MP: 24/31
 35179 | Vaults:5 | Identified the +2 robe "Raderph" {rF+ Int+3} (Okawaru
                  | gifted it to you on level 5 of the Vaults)
 35179 | Vaults:5 | Received a gift from Okawaru
 35195 | Vaults:5 | Reached skill level 5 in Spellcasting
 35219 | Vaults:5 | Paralysed by a great orb of eyes for 3 turns
 35223 | Vaults:5 | HP: 8/181 [shadow dragon (3)]
 35224 | Vaults:5 | HP: 1/181 [deep elf sorcerer/bolt of acid (8)]
 35580 | Vaults:5 | Noticed an ancient lich
 35612 | Vaults:5 | Killed an ancient lich
 35660 | Arena    | Entered the Arena
 35854 | Vaults:5 | Identified the ring of the Terrible God {rF+ rN+}
 35965 | Vaults:5 | Learned a level 4 spell: Passage of Golubria
 35984 | Vaults:5 | Identified the ring "Riasiot" {rPois rN+ MP+9 Int+2}
 36086 | Vaults:5 | Identified the +1 glaive of Fojem {flame, rF- rN+ Int+6}
 36360 | Vaults:5 | Identified the +6 great sword "Luaba" {freeze, *Noise
                  | +Blink rF+}
 36499 | Vaults:5 | Got a silver rune of Zot
 37087 | D:8      | Fell from the grace of Okawaru
 37087 | D:8      | Became a worshipper of the Shining One
 37294 | Crypt:1  | Entered Level 1 of the Crypt
 37326 | Crypt:1  | Noticed Sojobo
 37326 | Crypt:1  | Reached * piety under the Shining One
 37348 | Crypt:1  | Killed Sojobo
 37802 | Crypt:1  | Reached ** piety under the Shining One
 38317 | Crypt:2  | Reached *** piety under the Shining One
 38376 | Crypt:2  | Found a transporter.
 38412 | Crypt:2  | Reached **** piety under the Shining One
 38450 | Crypt:2  | Reached XP level 23. HP: 211/217 MP: 32/32
 38667 | Crypt:2  | Reached ***** piety under the Shining One
 38871 | Crypt:2  | Found a transporter.
 39147 | Crypt:2  | Noticed an ancient lich
 39160 | Crypt:2  | Killed an ancient lich
 39200 | Crypt:2  | Identified the amulet of Ihidgh {Faith -Cast Rampage rF++
                  | rN+}
 39210 | Crypt:2  | Identified the ring "Imno" {rElec rF++ Str-3 Dex+3 SInv}
 39266 | Crypt:3  | Entered Level 3 of the Crypt
 39267 | Crypt:3  | Found a staircase to the Tomb.
 39384 | Crypt:3  | Reached ****** piety under the Shining One
 39417 | Crypt:3  | Saving game... please wait.
 39442 | Crypt:3  | Found a runed translucent gate.
 39442 | Crypt:3  | Found a runed translucent gate.
 39443 | Crypt:3  | Found a runed translucent gate.
 39443 | Crypt:3  | Noticed Yzeiphu's ghost (adept OpEE)
 39443 | Crypt:3  | Noticed Nuh Ema's ghost (veteran HuVM)
 39444 | Crypt:3  | Noticed Aptu's ghost (adept GrFi)
 39444 | Crypt:3  | Noticed Qyg Kex's ghost (adept OpEE)
 39445 | Crypt:3  | Noticed Vikohomu's ghost (veteran VSSu)
 39690 | Crypt:3  | Identified the ring of Laonon {Fly rElec rF++ Will- rCorr}
 39829 | Crypt:3  | Found a basalt altar of Yredelemnul.
 40541 | Crypt:3  | Identified a +9 broad axe of holy wrath (a +7 broad axe of
                  | electrocution blessed by the Shining One)
 40541 | Crypt:3  | Received a gift from the Shining One
 40555 | Crypt:3  | Killed Vikohomu's ghost
 40561 | Crypt:3  | Killed Nuh Ema's ghost
 40561 | Crypt:3  | Killed Yzeiphu's ghost
 40565 | Crypt:3  | Killed Qyg Kex's ghost
 40571 | Crypt:3  | Killed Aptu's ghost
 40695 | Crypt:3  | Identified the ring "Koyddog" {Wiz rF- rN++ rCorr Stlth+}
 41038 | Depths:1 | Entered Level 1 of the Depths
 41076 | Depths:1 | Found a one-way gate to the infinite horrors of the Abyss.
 41271 | Depths:1 | Identified the +1 robe "Qifih" {MP+9 Int+2}
 41843 | Depths:1 | Was forgiven by Okawaru
 41901 | Depths:1 | Found a gateway to Hell.
 41979 | Depths:1 | Found a white marble altar of Elyvilon.
 42041 | Depths:1 | Paralysed by a floating eye for 4 turns
 42061 | Depths:1 | Found a broken altar of Ashenzari.
 42563 | Depths:2 | Noticed the Enchantress
 42605 | Depths:2 | Killed the Enchantress
 42636 | Depths:2 | Reached XP level 24. HP: 228/228 MP: 33/33
 43055 | Depths:2 | Found a one-way gate leading to the halls of Pandemonium.
 43458 | Depths:2 | Found an ornate altar of the Wu Jian Council.
 44473 | Depths:4 | Entered Level 4 of the Depths
 44562 | Depths:4 | Reached skill level 1 in Translocations
 44568 | Depths:4 | Found a magical portal.
 44577 | WizLab   | Entered Alistair's Party Mansion
 44920 | WizLab   | Got Omna Rac's Grimoire of Shapes
 44923 | WizLab   | Acquired a book of the Hunter
 45101 | WizLab   | Got the Papyrus of Pollution and Transmigration
 45103 | WizLab   | Got Gairatun's Papyrus of the Transformed Stinger
 45214 | Depths:3 | Found the +2 hood of the Assassin {Detect Stab+ Stlth++}
 45345 | Depths:3 | Identified the +0 cloak "Cateuhyo" {rF+}
 45475 | Depths:4 | Identified the +0 kite shield of Bopnussos {rCorr Str+3
                  | Int+3}
 45483 | Depths:4 | Found a gate to the Realm of Zot.
 45644 | Depths:4 | Reached XP level 25. HP: 240/240 MP: 34/34
 45674 | Depths:4 | Found a one-way gateway to a ziggurat.
 46024 | Depths:4 | Voluntarily entered the Abyss.
 46149 | Abyss:3  | Identified the -2 tower shield of the Guilds {Str+4 Stlth+}
 46233 | Abyss:3  | Got an abyssal rune of Zot
 46364 | Depths:4 | Escaped the Abyss
 46394 | Depths:4 | Saving game... please wait.
 46740 | Slime:1  | Entered Level 1 of the Pits of Slime
 46766 | Slime:2  | Noticed Dissolution
 46775 | Slime:2  | Killed Dissolution
 46982 | Slime:5  | Entered Level 5 of the Pits of Slime
 47023 | Slime:5  | Reached skill level 27 in Axes
 47024 | Slime:5  | Reached skill level 5 in Translocations
 47041 | Slime:5  | Noticed the Royal Jelly
 47059 | Slime:5  | Killed the Royal Jelly
 47098 | Slime:5  | Gained mutation: You occasionally lose the ability to read
                  | scrolls when taking damage. [a shining eye]
 47170 | Slime:5  | Gained mutation: You sometimes lose the ability to read
                  | scrolls when taking damage. [a shining eye]
 47226 | Slime:5  | Found the +13 scythe of Curses {drain, curses, Drain}
 47330 | Slime:5  | Identified the +4 chain mail of the Gloaming {Int+5}
 47360 | Slime:5  | Got a slimy rune of Zot
 47378 | Slime:5  | Identified the amulet "Qeiwupong" {RegenMP rElec rPois
                  | Dex+4}
 47387 | Slime:5  | Identified the ring "Oruonu" {Ice Str+7 Int-2}
 47390 | Slime:5  | Identified the +1 flail of Infection {heavy, rF+}
 47421 | Slime:5  | Identified the +17 plate armour of Vukkoyh {-Tele rF+++
                  | Will- SInv}
 47436 | Slime:5  | Acquired a manual of Throwing
 47437 | Slime:5  | Acquired a manual of Invocations
 47438 | Slime:5  | Acquired the +3 pair of gauntlets of War {Slay+5}
 47438 | Slime:5  | Found the +3 pair of gauntlets of War {Slay+5}
 48091 | Pan      | Entered Pandemonium
 48231 | Pan      | Saving game... please wait.
 48239 | Pan      | Noticed Osokhlue the pandemonium lord
 48276 | Pan      | Killed Osokhlue the pandemonium lord
 48868 | Pan      | Found a runed translucent door.
 48875 | Pan      | Found a runed translucent door.
 48879 | Pan      | Found a runed translucent door.
 48882 | Pan      | Found a runed translucent door.
 48909 | Pan      | Identified the +0 battleaxe "Raxtomi" {pain, MP+9 Str+4}
 49392 | Pan      | Saving game... please wait.
 49529 | Pan      | Noticed Veri the pandemonium lord
 49537 | Pan      | Killed Veri the pandemonium lord
 49995 | Pan      | Reached XP level 26. HP: 231/251 MP: 34/34
 50077 | Pan      | Noticed Xeckan the pandemonium lord
 50103 | Pan      | Killed Xeckan the pandemonium lord
 50384 | Pan      | Gained mutation: You sometimes lose your temper in combat.
                  | [a neqoxec]
 50387 | Pan      | Lost mutation: You sometimes lose the ability to read
                  | scrolls when taking damage. [potion of mutation]
 50387 | Pan      | Lost mutation: You sometimes lose your temper in combat.
                  | [potion of mutation]
 50387 | Pan      | Lost mutation: You occasionally lose the ability to read
                  | scrolls when taking damage. [potion of mutation]
 50387 | Pan      | Gained mutation: You occasionally lose the ability to read
                  | scrolls when taking damage. [potion of mutation]
 50685 | Pan      | Lost mutation: You occasionally lose the ability to read
                  | scrolls when taking damage. [potion of mutation]
 50685 | Pan      | Gained mutation: You have a pair of large horns on your
                  | head. [potion of mutation]
 50685 | Pan      | Gained mutation: You are partially covered in iridescent
                  | scales. (AC +2) [potion of mutation]
 50725 | Pan      | Noticed Xiedwoha the pandemonium lord
 50749 | Pan      | Killed Xiedwoha the pandemonium lord
 50750 | Pan      | Reached skill level 15 in Invocations
 50756 | Pan      | Identified the -1 tower shield "Hiapp" {Stlth+}
 50770 | Pan      | Gained mutation: You are clumsy. (Dex -2) [a cacodemon]
 51067 | Pan      | Found a runed translucent door.
 51085 | Pan      | Got a demonic rune of Zot
 51409 | Pan      | Paralysed by accursed screaming for 1 turns
 51561 | Pan      | Learned a level 1 spell: Apportation
 52091 | Pan      | Noticed Racynag the pandemonium lord
 52110 | Pan      | Killed Racynag the pandemonium lord
 52217 | Pan      | Identified the ring of Maarifijel {Wiz Slay+6 Stlth+}
 52469 | Pan      | Gained mutation: You occasionally lose the ability to read
                  | scrolls when taking damage. [a cacodemon]
 52540 | Pan      | Gained mutation: You are weak. (Str -2) [a cacodemon]
 52541 | Pan      | Gained mutation: You are dopey. (Int -2) [a cacodemon]
 52543 | Pan      | Gained mutation: You sometimes lose the ability to read
                  | scrolls when taking damage. [a cacodemon]
 52552 | Pan      | Lost mutation: You sometimes lose the ability to read
                  | scrolls when taking damage. [potion of mutation]
 52552 | Pan      | Lost mutation: You have a pair of large horns on your head.
                  | [potion of mutation]
 52552 | Pan      | Gained mutation: You have a somewhat thin skeletal
                  | structure. (Dex +2, Stealth+) [potion of mutation]
 52553 | Pan      | Lost mutation: You are weak. (Str -2) [potion of mutation]
 52553 | Pan      | Lost mutation: You have a somewhat thin skeletal structure.
                  | (Dex +2, Stealth+) [potion of mutation]
 52553 | Pan      | Gained mutation: You expend magic power (3 MP) to
                  | strengthen your wands. [potion of mutation]
 52553 | Pan      | Gained mutation: Your magical capacity is low. (-10% MP)
                  | [potion of mutation]
 52553 | Pan      | Gained mutation: You are mostly covered in iridescent
                  | scales. (AC +4) [potion of mutation]
 52554 | Pan      | Lost mutation: You expend magic power (3 MP) to strengthen
                  | your wands. [potion of mutation]
 52554 | Pan      | Lost mutation: You are mostly covered in iridescent scales.
                  | (AC +4) [potion of mutation]
 52554 | Pan      | Gained mutation: Your body sometimes deteriorates upon
                  | taking damage. [potion of mutation]
 52554 | Pan      | Gained mutation: You occasionally lose the ability to drink
                  | potions when taking damage. [potion of mutation]
 52554 | Pan      | Gained mutation: Your muscles are strong. (Str +4, Int/Dex
                  | -1) [potion of mutation]
 52555 | Pan      | Lost mutation: Your muscles are strong. (Str +4, Int/Dex
                  | -1) [potion of mutation]
 52555 | Pan      | Lost mutation: You are dopey. (Int -2) [potion of mutation]
 52555 | Pan      | Lost mutation: Your magical capacity is low. (-10% MP)
                  | [potion of mutation]
 52555 | Pan      | Lost mutation: You occasionally lose the ability to read
                  | scrolls when taking damage. [potion of mutation]
 52678 | Pan      | Found an exit through the horrors of the Abyss.
 52873 | Pan      | Reached skill level 10 in Throwing
 52873 | Pan      | Noticed Metesutz the pandemonium lord
 52903 | Pan      | Killed Metesutz the pandemonium lord
 53117 | Pan      | Learned a level 3 spell: Vhi's Electric Charge
 53262 | Pan      | Reached skill level 1 in Air Magic
 53502 | Pan      | Entered the realm of Cerebov.
 53638 | Pan      | Identified the +4 quarterstaff "Hellblazer" {antimagic,
                  | *Corrode +Blink rPois SInv}
 53641 | Pan      | Identified the +1 spear of Ocem {pain, rF- rC+ Str+3 SInv}
 53644 | Pan      | Identified the +4 hand axe of Umuino {speed, rElec Int+2
                  | SInv}
 53708 | Pan      | Identified the +8 halberd of the Writhing Oracle {flame,
                  | rElec}
 53708 | Pan      | Identified the amulet of Sloth {Acrobat Rampage rN+ Int+3}
 53719 | Pan      | Identified the +11 sling "Dragonslayer" {flame, Str+3}
 53784 | Pan      | Reached XP level 27. HP: 191/262 MP: 22/34
 53819 | Pan      | Found the +6 sword of Cerebov {flame}
 53819 | Pan      | Noticed Cerebov
 53849 | Pan      | Killed Cerebov
 53906 | Pan      | Got a fiery rune of Zot
 54632 | Pan      | Noticed Igag the pandemonium lord
 54647 | Pan      | Gained mutation: Your spells are a little easier to cast,
                  | but a little less powerful. [mutagenic glow]
 54651 | Pan      | Killed Igag the pandemonium lord
 54662 | Pan      | Gained mutation: Your spells are easier to cast, but less
                  | powerful. [mutagenic glow]
 54672 | Pan      | Gained mutation: You are dopey. (Int -2) [mutagenic glow]
 54686 | Pan      | Gained mutation: Your body often deteriorates upon taking
                  | damage. [mutagenic glow]
 54695 | Pan      | Entered the realm of Gloorx Vloq.
 54725 | Pan      | Gained mutation: You are frail. (-10% HP) [mutagenic glow]
 54750 | Pan      | Lost mutation: Your spells are easier to cast, but less
                  | powerful. [potion of mutation]
 54750 | Pan      | Lost mutation: You are clumsy. (Dex -2) [potion of
                  | mutation]
 54750 | Pan      | Gained mutation: You have sharp toenails. [potion of
                  | mutation]
 54751 | Pan      | Lost mutation: You are frail. (-10% HP) [potion of
                  | mutation]
 54751 | Pan      | Lost mutation: You are partially covered in iridescent
                  | scales. (AC +2) [potion of mutation]
 54751 | Pan      | Lost mutation: You occasionally lose the ability to drink
                  | potions when taking damage. [potion of mutation]
 54751 | Pan      | Gained mutation: You are frail. (-10% HP) [potion of
                  | mutation]
 54751 | Pan      | Gained mutation: You expend magic power (3 MP) to
                  | strengthen your wands. [potion of mutation]
 54861 | Pan      | Reached skill level 10 in Translocations
 55032 | Pan      | Noticed Gloorx Vloq
 55044 | Pan      | Killed Gloorx Vloq
 55078 | Pan      | Got a dark rune of Zot
 55854 | Pan      | Noticed Qafuut the pandemonium lord
 55863 | Pan      | Entered the realm of Lom Lobon.
 55863 | Pan      | Noticed Lom Lobon
 55891 | Pan      | Killed Lom Lobon
 55980 | Pan      | Got a magical rune of Zot
 56080 | Pan      | Identified the amulet of Lust {Will+ Regen+ Int-2 Dex+4
                  | Stlth+}
 56873 | Pan      | Found an exit through the horrors of the Abyss.
 56892 | Pan      | Entered the realm of Mnoleg.
 57357 | Pan      | Found an exit through the horrors of the Abyss.
 57382 | Pan      | Paralysed by a floating eye for 4 turns
 57481 | Pan      | Gained mutation: You are weak. (Str -2) [a cacodemon]
 57488 | Pan      | Gained mutation: Armour fits poorly on your strangely
                  | shaped body. [a cacodemon]
 57497 | Pan      | Lost mutation: You are dopey. (Int -2) [potion of mutation]
 57497 | Pan      | Lost mutation: You expend magic power (3 MP) to strengthen
                  | your wands. [potion of mutation]
 57497 | Pan      | Gained mutation: You possess an exceptional clarity of
                  | mind. [potion of mutation]
 57497 | Pan      | Gained mutation: You have a pair of large horns on your
                  | head. [potion of mutation]
 57499 | Pan      | Noticed Mnoleg
 57514 | Pan      | Paralysed by a floating eye for 2 turns
 57517 | Pan      | Killed Mnoleg
 57518 | Pan      | Gained mutation: You are vulnerable to heat. (rF-) [a
                  | cacodemon]
 57527 | Pan      | Paralysed by a floating eye for 3 turns
 57812 | Pan      | Gained mutation: You occasionally shout uncontrollably at
                  | your foes. [a cacodemon]
 58036 | Pan      | Identified the +2 halberd of Naofu {antimagic, Int+2}
 58087 | Pan      | Got a glowing rune of Zot
 58258 | Pan      | Took an exit into the Abyss.
 58258 | Abyss:3  | Escaped into the Abyss
 58269 | Depths:2 | Escaped the Abyss
 58270 | Depths:2 | Lost mutation: Your body often deteriorates upon taking
                  | damage. [potion of mutation]
 58270 | Depths:2 | Lost mutation: You have sharp toenails. [potion of
                  | mutation]
 58270 | Depths:2 | Lost mutation: Your body sometimes deteriorates upon taking
                  | damage. [potion of mutation]
 58270 | Depths:2 | Gained mutation: Your magical capacity is low. (-10% MP)
                  | [potion of mutation]
 58270 | Depths:2 | Gained mutation: Your mind is acute. (Int +4, Str/Dex -1)
                  | [potion of mutation]
 58271 | Depths:2 | Lost mutation: You are vulnerable to heat. (rF-) [potion of
                  | mutation]
 58271 | Depths:2 | Lost mutation: You possess an exceptional clarity of mind.
                  | [potion of mutation]
 58271 | Depths:2 | Gained mutation: A frigid envelope surrounds you and
                  | freezes all who hurt you. [potion of mutation]
 58348 | Hell     | Entered the Vestibule of Hell
 58348 | Hell     | Noticed Geryon
 58374 | Hell     | Killed Geryon
 58531 | Hell     | Found a gateway to the freezing wastes of Cocytus.
 58763 | Hell     | Found a gateway to the Iron City of Dis.
 58869 | Hell     | Reached skill level 5 in Air Magic
 58872 | Hell     | Found a gateway to the decaying netherworld of Tartarus.
 58962 | Hell     | Found a gateway to the ashen valley of Gehenna.
 59022 | Hell     | Saving game... please wait.
 59049 | Dis:1    | Entered Level 1 of the Iron City of Dis
 59730 | Dis:3    | Lost mutation: A frigid envelope surrounds you and freezes
                  | all who hurt you. [potion of mutation]
 59730 | Dis:3    | Lost mutation: Your magical capacity is low. (-10% MP)
                  | [potion of mutation]
 59730 | Dis:3    | Gained mutation: You are partially covered in iridescent
                  | scales. (AC +2) [potion of mutation]
 59730 | Dis:3    | Gained mutation: You have hidden genetic potential. [potion
                  | of mutation]
 59795 | Dis:4    | Reached skill level 27 in Armour
 59967 | Dis:4    | Reached skill level 15 in Throwing
 60107 | Dis:4    | Noticed a dread lich
 60107 | Dis:4    | Noticed an ancient lich
 60107 | Dis:4    | Noticed a dread lich
 60121 | Dis:4    | Killed a dread lich
 60124 | Dis:4    | Noticed a dread lich
 60126 | Dis:4    | Killed an ancient lich
 60127 | Dis:4    | Noticed a dread lich
 60128 | Dis:4    | Noticed an ancient lich
 60139 | Dis:4    | Killed a dread lich
 60141 | Dis:4    | Killed a dread lich
 60148 | Dis:4    | Killed an ancient lich
 60150 | Dis:4    | Killed a dread lich
 60813 | Dis:6    | Reached skill level 1 in Hexes
 60977 | Dis:6    | HP: 12/241 [iron golem[an iron giant] (22)]
 61187 | Dis:6    | Learned a level 3 spell: Portal Projectile
 61266 | Dis:7    | Entered Level 7 of the Iron City of Dis
 61862 | Dis:7    | Noticed a dread lich
 61878 | Dis:7    | Killed a dread lich
 62268 | Dis:7    | HP: 6/242 [caustic shrike (16)]
 62268 | Dis:7    | HP: 2/242 [acid (4)]
 62668 | Dis:7    | Saving game... please wait.
 62760 | Dis:7    | Gained mutation: Your movements are slightly less
                  | encumbered by armour. (ER -2) [hidden potential]
 63604 | Dis:7    | Noticed a juggernaut
 63620 | Dis:7    | Killed a juggernaut
 64049 | Dis:7    | Reached skill level 27 in Fighting
 64071 | Dis:7    | Reached skill level 27 in Shields
 64265 | Dis:7    | Identified the +0 tower shield "Gillae" {Fly rN+ rCorr}
 64294 | Dis:7    | Noticed a juggernaut
 64305 | Dis:7    | Killed a juggernaut
 64311 | Dis:7    | Found the +4 staff of Dispater
 64311 | Dis:7    | Noticed Dispater
 64332 | Dis:7    | Killed Dispater
 64335 | Dis:7    | Found the +3 hat of Pondering {ponderous, Will+ MP+10
                  | Int+5}
 64378 | Dis:7    | Got an iron rune of Zot
 64596 | Hell     | Saving game... please wait.
 64624 | Coc:1    | Entered Level 1 of Cocytus
 64651 | Coc:1    | Paralysed by a wendigo for 1 turns
 64699 | Coc:1    | Paralysed by a wendigo for 1 turns
 64713 | Coc:1    | Paralysed by a wendigo for 1 turns
 65300 | Coc:3    | Noticed an ancient lich
 65330 | Coc:3    | Killed an ancient lich
 66233 | Coc:6    | Noticed an ancient lich
 66251 | Coc:6    | Killed an ancient lich
 66356 | Coc:7    | Entered Level 7 of Cocytus
 66374 | Coc:7    | Gained mutation: You have sharp toenails. [hidden
                  | potential]
 66374 | Coc:7    | Lost mutation: You have hidden genetic potential. [hidden
                  | potential expressed]
 66571 | Coc:7    | Noticed the Serpent of Hell
 66598 | Coc:7    | Killed the Serpent of Hell
 66611 | Coc:7    | Paralysed by a wendigo for 1 turns
 66867 | Coc:7    | Noticed Antaeus
 66873 | Coc:7    | Paralysed by a wendigo for 1 turns
 66927 | Coc:7    | Killed Antaeus
 67063 | Coc:7    | Got an icy rune of Zot
 67069 | Coc:7    | Identified the +0 scale mail of Gravity {Contam Rampage
                  | +Inv MP+9}
 67520 | Coc:7    | Paralysed by a wendigo for 1 turns
 67613 | Coc:7    | Found the +3 pair of seven-league boots {Rampage+∞}
 67620 | Coc:7    | Got the Vellum of Gathered Malisons
 67911 | Geh:1    | Entered Level 1 of Gehenna
 68890 | Geh:5    | Reached skill level 27 in Dodging
 69194 | Geh:7    | Entered Level 7 of Gehenna
 69269 | Geh:7    | Saving game... please wait.
 69458 | Geh:7    | Found the +7 sceptre of Asmodeus
 69458 | Geh:7    | Noticed Asmodeus
 69485 | Geh:7    | Killed Asmodeus
 69573 | Geh:7    | Got an obsidian rune of Zot
 69973 | Geh:7    | Identified the +1 whip of a bailey {protect, rElec rF+ rC-}
 69975 | Geh:7    | Got the Guide on the Iceberg and Shifting
 70328 | Tar:1    | Entered Level 1 of Tartarus
 72848 | Tar:5    | Noticed a dread lich
 72861 | Tar:5    | Killed a dread lich
 73204 | Tar:6    | Gained mutation: You are very frail. (-20% HP) [mutagenic
                  | glow]
 73223 | Tar:6    | Gained mutation: You are very weak. (Str -4) [mutagenic
                  | glow]
 73505 | Tar:7    | Entered Level 7 of Tartarus
 74538 | Tar:7    | Identified the +3 rapier of Aqeytz {heavy, +Blink rF+
                  | Dex+4}
 74982 | Tar:7    | Noticed Ereshkigal
 75040 | Tar:7    | Killed Ereshkigal
 75192 | Tar:7    | Got a bone rune of Zot
 76242 | Tomb:1   | Entered Level 1 of the Tomb of the Ancients
 76567 | Tomb:1   | Noticed a royal mummy
 76568 | Tomb:1   | Noticed a royal mummy
 76571 | Tomb:1   | Noticed a royal mummy
 76577 | Tomb:1   | Noticed a royal mummy
 76577 | Tomb:1   | Killed a royal mummy
 76581 | Tomb:1   | Killed a royal mummy
 76583 | Tomb:1   | Killed a royal mummy
 76590 | Tomb:1   | Killed a royal mummy
 77269 | Tomb:2   | Saving game... please wait.
 77270 | Tomb:2   | Noticed a royal mummy
 77278 | Tomb:2   | Noticed a royal mummy
 77294 | Tomb:1   | Killed a royal mummy
 77294 | Tomb:1   | HP: 4/218 [something (20)]
 77637 | Tomb:2   | Noticed a royal mummy
 77637 | Tomb:2   | Noticed a royal mummy
 77644 | Tomb:2   | HP: 6/218 [poisoned by an ushabti (dark miasma)]
 77644 | Tomb:2   | HP: 2/218 [ushabti/vile air (1)]
 77645 | Tomb:1   | Succumbed to an ushabti's dark miasma

Illustrated notes

Levels and vault maps discovered:
D:1:      shiori_arrival_elements, layout_loops_corners, serial_shops,
          nicolae_shop_advertising_works [nicolae_subvault_shop_adworks]
D:2:      layout_basic, basic_ecumenical_altar, basic_altar
D:3:      layout_loops_ring, biasface_ghost_orc_armoury, uniq_sigmund
D:4:      minmay_door_path, layout_cave_pools, serial_bayou_pond_c,
          kennysheep_cross_room, dk_noncrumbling_3, uniq_robin,
          uniq_crazy_yiuf_cottage, uniq_duvessa
D:5:      layout_loops_ring, serial_shops, shop
D:6:      kennysheep_six_static_rooms, layout_rooms,
          nicolae_ossuary_entry_monument, gammafunk_ghost_hive, uniq_menkaure
D:7:      layout_loops_ring, tgw_xom, minmay_temple_entry_gardened_gates,
          serial_shops, shop, uniq_joseph
D:8:      layout_basic, chequers_temple_overflow_minitemple,
          chequers_serial_rivers_marsh, nicolae_shop_sticking_my_neck_out,
          uniq_maggie, uniq_erica
D:9:      layout_layer_cave, amcnicky_altar_gilded, jmf_multi_god_temple2,
          kennysheep_donut
D:10:     layout_stronghold, fedhas_altar_2, serial_shops, nicolae_square_shop,
          uniq_harold
D:11:     minmay_the_grid_triangle_9x9_rhombus_full_mashed
          [minmay_the_grid_triangle_9x9_limited_checkers,
          minmay_the_grid_triangle_9x9_negative_grid,
          minmay_the_grid_triangle_9x9_minimal,
          minmay_the_grid_triangle_9x9_intruding_spiral,
          minmay_the_grid_triangle_9x9_sprig,
          minmay_the_grid_triangle_9x9_alien,
          minmay_the_grid_triangle_9x9_flanged_cone,
          minmay_the_grid_triangle_9x9_prize_special], layout_grid_maze,
          dpeg_lair_monsters, erik_orc_1, minivault_24
D:12:     layout_basic, serial_shops, nicolae_shop_hallway_plus, uniq_lodul
D:13:     layout_roguey, lightli_vaults_fourway_checkpoint
D:14:     layout_roguey, kennysheep_flooded_box, nicolae_vehumet_radiance,
          uniq_nessos, uniq_josephine, uniq_louise
D:15:     grunt_enter_depths_snipers, layout_rooms, kennysheep_pointless_box,
          glass_columns_c, hangedman_weighted_door, drop_trap,
          hangedman_cracks_in_the_wall
Temple:   dpeg_chambers_temple
Lair:1:   beast_lair_carwin_large_4, layout_chaotic_city, uniq_urug
Lair:2:   lemuel_reptile_caves, layout_regular_city, basic_altar,
          grunt_megastairs_3, lemuel_fruit_fields
Lair:3:   layout_chaotic_city, swamp_mist_pool,
          minmay_snake_entry_guardpost_small, patterned_corridor
Lair:4:   wad_woods_04, layout_hall_layers, minmay_slime_entry_pillars,
          grunt_megastairs_4, lemuel_fruit_fields, uniq_rupert
Lair:5:   minmay_lair_end_frog_pond, layout_concentric_octagons
Swamp:1:  layout_basic_swamp, serial_swamp_ruin, evilmike_swamp_ruin_house_4,
          evilmike_swamp_ruin_rubble_1, evilmike_swamp_ruin_rubble_2,
          nicolae_swamp_little_swirl, infiniplex_staircase_pool_2
Swamp:2:  layout_basic_swamp, evilmike_swamp_ruin_house_5
Swamp:3:  gammafunk_sealed_arena, layout_basic_swamp,
          evilmike_swamp_ruin_house_3, uniq_roxanne, uniq_bai_suzhen
Swamp:4:  swamp, layout_basic_swamp, swamp_pool5
Snake:1:  layout_onion
Snake:2:  layout_concentric_octagons
Snake:3:  layout_cave_town, serial_bayou_shore_b, uniq_vashnia
Snake:4:  grunt_snake_rune_spirals, layout_onion
Slime:1:  layout_caves
Slime:2:  layout_caves, dissolution_awaits
Slime:3:  layout_caves, nicolae_slime_welcoming_committee
Slime:4:  layout_caves, cheibrodos_slime_lost_civilization_6
Slime:5
Orc:1:    layout_caves, basic_altar, nicolae_orc_damp_corner
Orc:2:    st_orc_elflike, layout_caves, serial_shops, shop,
          portal_ice_cave_demonic_guard, basic_altar, nicolae_orc_lava_room,
          uniq_jorgrun, uniq_saint_roka, uniq_donald
Elf:1:    elf_arrival_001, layout_loops_corners, serial_sigils,
          serial_sigils_hangedman_confine, serial_sigils_hangedman_quiver,
          serial_sigils_hangedman_snap, serial_sigils_hangedman_gut,
          minivault_28, minmay_misc_feat_five
Elf:2:    nicolae_elf_blades_splatter_lattice
          [nicolae_blade_entry_hurt_lockers], layout_onion_city
Elf:3:    elf_hall_gauntlet_wide, layout_geoelf_castle,
          nicolae_elf_shapeshifter_party
Vaults:1: vaults_room_pool, v_rooms_1, v_rooms_3, v_pattern_4,
          hangedman_vaults_stretched_pinwheel, hangedman_vaults_cutoff,
          vaults_mumra_hex, nicolae_vaults_little_ls, hangedman_vaults_locks,
          st_lattice, nicolae_vaults_little_squares_6,
          vaults_room_stairs_pillars, nicolae_vaults_little_squares_5,
          vaults_room_stairs_pillars, layout_vaults_ring
Vaults:2: ontoclasm_vaults_eye, v_misc_16, vaults_room_fours,
          hangedman_vaults_stitches, vaults_standard_mumra_enter_the_diamond,
          v_misc_31, vaults_standard_mumra_enter_the_diamond, door_vault,
          hangedman_vaults_corner_blocks, ontoclasm_vaults_fault,
          v_alt_pattern_4, layout_vaults_omnicross
Vaults:3: v_alt_pattern_4, hangedman_vaults_slither,
          nicolae_vaults_diagonal_hallway_9, vaults_dpeg_doors,
          nicolae_vaults_what_the_h, dpeg_vaults_monster_box, st_more_cells,
          nicolae_vaults_diagonal_hallway_8, hangedman_vaults_nails,
          nicolae_vaults_stairing_the_circle, minmay_crypt_entry_simple_sparse,
          grunt_vaults_swirl, layout_vaults_omnibox, serial_shops,
          nicolae_lakefront_shop
Vaults:4: nicolae_vaults_network_s, vaults_room_ringed_pool, v_misc_22,
          v_rooms_5, vaults_room_grunt_arrival_ludios, vaults_dpeg_diagonal,
          hangedman_vaults_impose, nicolae_vaults_gold_heap,
          layout_vaults_omnigrid
Vaults:5
Crypt:1:  layout_gridlike, amcnicky_mini_pool_small,
          serial_sigils_hangedman_snap, lemuel_upstairs_altar, uniq_sojobo
Crypt:2:  gammafunk_its_a_trap, layout_misc_corridors, grunt_megastairs_2
Crypt:3:  church_of_pain_bobbens, layout_chaotic_city, gammafunk_ghost_cemetery
Tomb:1
Tomb:2
Depths:1: layout_honeycomb, evilmike_ruin_ashenzari, abyss_entry,
          grunt_hell_entry_dis_grunt, elyvilon_altar_4
Depths:2: nicolae_cairo_tiling, layout_honeycomb, lightli_too_deep,
          nicolae_wu_jian_immortal_techniques, pan_entry, nicolae_keep_em_comin,
          uniq_enchantress
Depths:3: minmay_skeletal_surprise, layout_cave_shapes, rand_demon_pan_entry_5,
          pf_hell_entry_tar_river, abyss_entry, infiniplex_staircase_zigzag_4
Depths:4: grunt_zot_entry_funnels, layout_basic, enter_ziggurat_b,
          mu_enter_wizlab_3, abyss_entry_small_statue_room, hell_entry,
          serial_bayou_shore_b
Hell
Dis:1:    layout_gridville, nicolae_hells_seeping_fissure
Dis:2:    layout_regular_city
Dis:3:    layout_regular_city
Dis:4:    layout_jigsaw, nicolae_hells_leichenhalle
Dis:5:    layout_subdivisions
Dis:6:    layout_gridville, nicolae_dis_grated_feature
Dis:7:    dis_st
Geh:1:    layout_gehenna_pools_basic
Geh:2:    layout_gehenna_pools_triple
Geh:3:    layout_gehenna_pools_box
Geh:4:    layout_gehenna_lava_caves
Geh:5:    layout_gehenna_lava_caves
Geh:6:    nicolae_hells_demon_pit, layout_gehenna_pools_box
Geh:7:    evilmike_geh
Coc:1:    layout_ice_bergs, nicolae_coc_statues_of_limitations
Coc:2:    layout_ice_bergs, nicolae_hells_seeping_fissure
Coc:3:    layout_cocytus_delve
Coc:4:    layout_cocytus_water_paths
Coc:5:    layout_cocytus_water_paths
Coc:6:    layout_cocytus_delve
Coc:7:    coc_hangedman
Tar:1:    nicolae_tar_honey_stairs, layout_cathedral_of_symmetry
Tar:2:    layout_catacombs
Tar:3:    layout_catacombs
Tar:4:    layout_grid_maze, nicolae_tar_stay_or_leave
Tar:5:    nicolae_tar_checkpoint_tarlie, layout_cathedral_of_symmetry
Tar:6:    layout_cathedral_of_symmetry
Tar:7:    tar_mu [tar_mu_maze]

Skill      XL: |  1  2  3  4  5  6  7  8  9 10 11 12 13 14 15 16 17 18 19 20 21 22 23 24 25 26 27 |
---------------+----------------------------------------------------------------------------------+-----
Axes           | 3 4 5 7 9 11 13 14 15 16 17 18 19 20 22 23 24 25 26 27 | 27.0
Fighting       | 4 6 7 9 10 11 12 13 14 16 17 18 19 20 21 22 23 24 27 | 27.0
Armour         | 4 6 7 9 10 11 13 15 16 18 19 20 21 22 23 24 25 27 | 27.0
Dodging        | 2 4 6 7 8 10 11 12 13 14 15 16 17 27 | 27.0
Shields        | 4 6 7 9 10 11 12 13 14 15 17 18 19 20 21 22 23 24 27 | 27.0
Invocations    | 1 4 6 8 10 12 14 16 25 | 25.0
Throwing       | 5 7 10 22 | 22.7
Evocations     | 4 |  4.7
Transmutations | 4 8 |  8.3
Spellcasting   | 2 4 6 7 8 |  8.6
Translocations | 3 6 9 12 | 12.8
Air Magic      | 1 6 |  6.3
Hexes          | 3 |  3.8

Action                     |  1- 3 |  4- 6 |  7- 9 | 10-12 | 13-15 | 16-18 | 19-21 | 22-24 | 25-27 || total
---------------------------+-------+-------+-------+-------+-------+-------+-------+-------+-------++-------
  Melee: War axe           |   106 |    61 |   219 |    14 |    27 |   120 |       |       |       ||   547
         Headbutt          |     9 |    11 |    49 |    83 |   250 |   302 |   500 |   720 |  2432 ||  4356
         Broad axe         |       |       |    12 |   337 |   872 |  1054 |  1693 |  1912 |  5360 || 11240
  Throw: Dart              |       |       |       |       |     2 |       |       |       |       ||     2
         Javelin           |       |       |       |       |       |       |       |       |    54 ||    54
   Cast: Wereblood         |       |       |       |       |       |       |     2 |     2 |     1 ||     5
         Portal Projectile |       |       |       |       |       |       |       |       |     9 ||     9
         Passage of Golubr |       |       |       |       |       |       |       |       |     4 ||     4
         Vhi's Electric Ch |       |       |       |       |       |       |       |       |     1 ||     1
 Invoke: Heroism           |       |       |       |     1 |     3 |     6 |     4 |     1 |       ||    15
         Finesse           |       |       |       |       |     2 |     3 |     5 |     1 |       ||    11
         Duel              |       |       |       |       |     1 |     3 |     1 |     1 |       ||     6
         Divine Shield     |       |       |       |       |       |       |       |     7 |    35 ||    42
         Summon Divine War |       |       |       |       |       |       |       |     3 |    66 ||    69
         Brand Weapon With |       |       |       |       |       |       |       |     1 |       ||     1
         Cleansing Flame   |       |       |       |       |       |       |       |       |    10 ||    10
  Evoke: Wand              |       |       |       |     6 |     4 |       |       |     2 |     1 ||    13
         Condenser vane    |       |       |       |       |       |       |       |     1 |       ||     1
    Use: Scroll            |       |       |    11 |    10 |     5 |     9 |     4 |     9 |    11 ||    59
         Potion            |       |       |       |     1 |     1 |     1 |     6 |     3 |    39 ||    51
   Stab: Distracted        |       |       |       |     6 |    23 |    23 |     2 |       |       ||    54
         Petrified         |       |       |       |     1 |       |       |       |       |       ||     1
         Confused          |       |       |       |       |       |     2 |       |       |       ||     2
         Invisible         |       |       |       |       |       |       |    23 |       |       ||    23
         Petrifying        |       |       |       |       |       |       |     2 |       |       ||     2
 Armour: Scale mail        |    38 |     8 |    55 |     5 |       |       |       |       |       ||   106
         Acid dragon scale |       |       |       |    58 |       |       |       |       |       ||    58
         Plate armour      |       |       |       |       |    51 |       |       |       |       ||    51
         Crystal plate arm |       |       |       |       |   296 |   656 |   514 |   523 |  1298 ||  3287
         Chain mail        |       |       |       |       |       |       |       |       |   105 ||   105
  Dodge: Dodged            |    56 |    22 |   126 |   181 |   278 |   521 |   453 |   413 |   956 ||  3006
  Block: Buckler           |    32 |     8 |    38 |    67 |       |       |       |       |       ||   145
         Tower shield      |       |       |       |    33 |   466 |       |       |       |  3310 ||  3809
         Kite shield       |       |       |       |       |   102 |   763 |   790 |   861 |   248 ||  2764
         Reflection        |       |       |       |       |    15 |    79 |    85 |    48 |     8 ||   235

Table legend: (Time is in decaauts)
 A = Elapsed time spent in this place.
 B = Non-inter-level travel time spent in this place.
 C = Inter-level travel time spent in this place.
 D = Time resting spent in this place.
 E = Time spent auto-exploring this place.
 F = Levels seen in this place.
 G = Mean time per level.
                   A        B        C        D        E       F      G
               +--------+--------+--------+--------+--------+-----+--------+
         Total |  72530 |  66226 |   6304 |   2601 |  47323 | 114 |  636.2 |
       Dungeon |  14175 |  12169 |   2006 |    145 |   9915 |  15 |  945.0 |
        Temple |    230 |    208 |     22 |      0 |    192 |   1 |  230.0 |
          Lair |   5084 |   4324 |    760 |    130 |   3186 |   5 | 1016.8 |
         Swamp |   2372 |   2249 |    123 |    108 |   1421 |   4 |  593.0 |
     Snake Pit |   3118 |   2932 |    186 |    183 |   2052 |   4 |  779.5 |
    Slime Pits |    916 |    848 |     68 |      0 |    539 |   5 |  183.2 |
  Orcish Mines |   1513 |   1310 |    203 |      0 |    963 |   2 |  756.5 |
   Elven Halls |   3968 |   3359 |    609 |     62 |   2365 |   3 | 1322.7 |
        Vaults |   5969 |   5579 |    390 |    126 |   4462 |   5 | 1193.8 |
         Crypt |   3315 |   2972 |    343 |      0 |   2288 |   3 | 1105.0 |
          Tomb |   1362 |   1292 |     70 |    363 |    716 |   2 |  681.0 |
        Depths |   4507 |   3855 |    652 |      0 |   3104 |   4 | 1126.8 |
          Hell |   1154 |    999 |    155 |    214 |    413 |   1 | 1154.0 |
           Dis |   4632 |   4381 |    251 |    569 |   2721 |   7 |  661.7 |
       Gehenna |   2101 |   2053 |     48 |    163 |   1267 |   7 |  300.1 |
       Cocytus |   2568 |   2435 |    133 |     92 |   1463 |   7 |  366.9 |
      Tartarus |   4441 |   4162 |    279 |    234 |   2935 |   7 |  634.4 |
         Abyss |    603 |    603 |      0 |     31 |    181 |   4 |  150.8 |
   Pandemonium |   9324 |   9324 |      0 |    148 |   6698 |  19 |  490.7 |
       Ossuary |    179 |    179 |      0 |      0 |     52 |   1 |  179.0 |
      Ice Cave |    315 |    315 |      0 |      0 |    124 |   1 |  315.0 |
        Wizlab |    528 |    528 |      0 |      0 |    262 |   1 |  528.0 |
         Arena |    146 |    146 |      0 |     33 |      0 |   6 |   24.3 |
               +--------+--------+--------+--------+--------+-----+--------+

Top non-repeatable levels by time:
   Dis:7: 2764 daAuts
   Tar:7: 2260 daAuts
    D:11: 1820 daAuts
Vaults:5: 1491 daAuts
Depths:2: 1486 daAuts
   Elf:3: 1483 daAuts
 Crypt:3: 1375 daAuts
Depths:1: 1368 daAuts
     D:2: 1350 daAuts
  Tomb:1: 1340 daAuts
   Elf:2: 1302 daAuts
   Coc:7: 1237 daAuts
Vaults:4: 1218 daAuts
Vaults:2: 1204 daAuts
  Lair:5: 1194 daAuts
